 Dungeon Crawl Stone Soup version 0.30.0-29-ga12c61a403 (webtiles) character file.

Game seed: 5263368373948040430

1839251 UglyThing the Heavyweight Champion (level 27, 355/355 HPs)
             Began as a Troll Chaos Knight on June 23, 2023.
             Was a Favourite Plaything of Xom.
             Escaped with the Orb
             ... and 3 runes on June 24, 2023!
             The game lasted 05:09:59 (65988 turns).

UglyThing the Heavyweight Champion (TrCK)          Turns: 65988, Time: 05:09:59

Health: 355/355    AC: 19    Str: 34    XL:     27
Magic:  35/35      EV:  8    Int: 10    God:    Xom [*.....]
Gold:   10272      SH: 32    Dex:  7    Spells: 31/44 levels left

rFire   + +          +
                       - Unarmed
rCold   + + .        L - +6 tower shield {rC+}
rNeg    + . .        o - +3 fire dragon scales {Xtahua}
rPois   +            n - +0 mask of the Dragon {Will+ Slay+3 SInv}
rElec   .            I - scarf {rC+ rF+}
rCorr   +            (gloves unavailable)
SInv    +            (boots unavailable)
Will    +++..        s - amulet of Rugew {Reflect rN+ Regen+ SH+5} Stlth
                     F - ring of Xom's Attic {rPois rC+ Str-2 Slay+3}
HPRegen 3.19/turn    q - ring of resist corrosion
MPRegen 0.24/turn

%: reflection
@: studying 2 skills
A: large, unfitting armour, claws 3, regeneration 2, shaggy fur 1, tough skin 1,
horns 1, iridescent scales 1, clumsy 1, fire resistance 1, robust 2, subdued
magic 1, inability to drink after injury 1
0: Orb of Zot
}: 3/15 runes: decaying, silver, gossamer
a: Renounce Religion


You escaped.
You worshipped Xom.
You were a special plaything of Xom.
You visited 11 branches of the dungeon, and saw 51 of its levels.
You also visited: Trove, Bailey, Gauntlet, Ice Cave and Desolation.

You collected 12933 gold pieces.
You spent 2661 gold pieces at shops.

Inventory:

Hand Weapons
 p - the +6 war axe "Wobaec" {protect, +Blink Dex+7}
   (You took it off a necromancer on level 5 of the Vaults)

   Dex:       It affects your dexterity (+7).
   +Blink:    It lets you blink.
Missiles
 y - 4 throwing nets (quivered)
 A - 11 silver javelins
 O - 6 curare-tipped darts
Armour
 a - a +2 robe of fire resistance
 j - the +2 cloak of Etesihon {rN+ Str+8 Dex-4}
   (You found it in a Gauntlet)

   Str:       It affects your strength (+8).
   Dex:       It affects your dexterity (-4).
   rN:        It protects you from negative energy.
 n - the +0 mask of the Dragon (worn) {Will+ Slay+3 SInv}
   (You found it on level 3 of the Elven Halls)

   Slay:      It affects your accuracy & damage with ranged weapons and melee
   (+3).
   SInv:      It lets you see invisible.
   Will:      It increases your willpower.
 o - +3 fire dragon scales (worn) {Xtahua}
 D - +6 gold dragon scales
 I - a scarf of resistance (worn)
 K - the +4 dragonskin cloak
   (You took it off Tiamat on level 2 of the Realm of Zot)

   Avatar's Aegis: It grants the wearer a chance to resist fire, cold, poison,
   electricity, acid, and negative energy.
 L - a +6 tower shield of cold resistance (worn)
Jewellery
 b - the ring of Freedom {rElec rC- rN++ Will+}
   (Xom gifted it to you on level 11 of the Dungeon)

   [ring of willpower]

   rC:        It makes you vulnerable to cold.
   rElec:     It insulates you from electricity.
   rN:        It greatly protects you from negative energy.
   Will:      It increases your willpower.
 q - a ring of resist corrosion (right claw)
 s - the amulet of Rugew (around neck) {Reflect rN+ Regen+ SH+5}
   (You took it off a fire giant on level 2 of the Depths)

   [amulet of reflection]

   It reflects blocked missile attacks.
   rN:        It protects you from negative energy.
   Regen:     It increases your rate of health regeneration.
   SH:        It affects your SH (+5).
 w - the ring of Cheibriados's Esteem {rElec Will+ Str+2}
   (You acquired it on level 1 of the Lair of Beasts)

   [ring of willpower]

   Str:       It affects your strength (+2).
   rElec:     It insulates you from electricity.
   Will:      It increases your willpower.
 F - the ring of Xom's Attic (left claw) {rPois rC+ Str-2 Slay+3}
   (You took it off a deep elf pyromancer on level 3 of the Elven Halls)

   [ring of protection from cold]

   Str:       It affects your strength (-2).
   Slay:      It affects your accuracy & damage with ranged weapons and melee
   (+3).
   rC:        It protects you from cold.
   rPois:     It protects you from poison.
 Q - the necklace of Bloodlust {Fury *Rage Will++ Int-3 Slay+6}
   (You found it in the Desolation of Salt)

   [amulet of nothing]

   Fury:      It extends the wearer's berserk rage when killing foes.
   Int:       It affects your intelligence (-3).
   Slay:      It affects your accuracy & damage with ranged weapons and melee
   (+6).
   *Rage:     It berserks you when you make melee attacks (+50% chance).
   Will:      It greatly increases your willpower.
 R - a ring of flight
 S - a ring of protection from fire
 T - the ring of Ofafuup {rF- rC++ rN+ Will+++ Str-4 Int+6}
   (You found it on level 10 of the Dungeon)

   [ring of intelligence]

   Str:       It affects your strength (-4).
   Int:       It affects your intelligence (+6).
   rF:        It makes you vulnerable to fire.
   rC:        It greatly protects you from cold.
   rN:        It protects you from negative energy.
   Will:      It greatly increases your willpower.
Wands
 r - a wand of iceblast (86)
 H - a wand of quicksilver (29)
 P - a wand of digging (20)
Scrolls
 c - 10 scrolls of fear
 e - 4 scrolls of fog
 f - 14 scrolls of teleportation
 i - 9 scrolls of blinking
 l - 12 scrolls of immolation
 v - a scroll of silence
 B - 3 scrolls of magic mapping
 J - 2 scrolls of butterflies
 N - 9 scrolls of poison
Potions
 g - 8 potions of brilliance
 h - 14 potions of attraction
 k - 9 potions of mutation
 m - 10 potions of flight
 t - 2 potions of berserk rage
 u - 23 potions of curing
 x - 3 potions of heal wounds
 C - 3 potions of might
 E - 5 potions of resistance
 G - a potion of cancellation
 U - 4 potions of magic
 V - 8 potions of ambrosia
 X - 4 potions of invisibility
 Y - 3 potions of haste
Miscellaneous
 d - a phantom mirror
 z - a phial of floods


   Skills:
 + Level 21.0 Fighting
 - Level 12.0 Armour
 - Level 2.0 Dodging
 + Level 23.1 Shields
 O Level 27 Unarmed Combat
 - Level 9.0 Spellcasting
 - Level 12.0 Transmutations
 + Level 15.1 Earth Magic
 - Level 7.0 Evocations


You had 31 spell levels left.
You knew the following spells:

 Your Spells              Type           Power      Damage    Failure   Level
h - Borgnjor's Vile Clut  Necr/Erth      7%         N/A       36%         5
p - Passwall              Tmut/Erth      20%        N/A       1%          2
S - Statue Form           Tmut/Erth      16%        N/A       17%         6

Your spell library contained the following spells:

 Spells                   Type           Power      Damage    Failure   Level
 Petrify                  Tmut/Erth      24%        N/A       1%          4
 Lee's Rapid Deconstruct  Erth           13%        3d9*      1%          5
 Sting                    Tmut/Pois      48%        1d5       2%          1
 Stone Arrow              Conj/Erth      30%        3d8       3%          3
 Blade Hands              Tmut           10%        N/A       5%          5
 Spider Form              Tmut/Pois      12%        N/A       7%          3
 Animate Armour           Summ/Erth      30%        N/A       13%         4
 Leda's Liquefaction      Hex/Erth       7%         N/A       13%         4
 Ignite Poison            Fire/Tmut/Pois 9%         N/A       17%         3
 Ice Form                 Ice/Tmut       12%        N/A       24%         4
 Apportation              Tloc           6%         N/A       30%         1
 Freeze                   Ice            12%        1d3       30%         1
 Kiss of Death            Conj/Necr      12%        2d6       30%         1
 Magic Dart               Conj           12%        1d3       30%         1
 Necrotise                Necr           12%        1d4       30%         1
 Shock                    Conj/Air       12%        1d3       30%         1
 Slow                     Hex            12%        N/A       30%         1
 Summon Small Mammal      Summ           12%        N/A       30%         1
 Blink                    Tloc           6%         N/A       41%         2
 Call Imp                 Summ           6%         N/A       41%         2
 Cigotuvi's Dreadful Rot  Necr/Pois/Air  6%         N/A       41%         2
 Ensorcelled Hibernation  Hex/Ice        6%         N/A       41%         2
 Lesser Beckoning         Tloc           6%         N/A       41%         2
 Momentum Strike          Conj/Tloc      6%         3d8       41%         2
 Poisonous Vapours        Pois/Air       6%         N/A       41%         2
 Scorch                   Fire           6%         2d5       41%         2
 Searing Ray              Conj           6%         2d4       41%         2
 Static Discharge         Conj/Air       6%         2-3/arc   41%         2
 Sublimation of Blood     Necr           3%         N/A       41%         2
 Alistair's Intoxication  Tmut/Pois      8%         N/A       58%         5
 Irradiate                Conj/Tmut      6%         3d13      58%         5
 Yara's Violent Unravell  Hex/Tmut       6%         3d5       58%         5
 Confusing Touch          Hex            3%         N/A       67%         3
 Dazzling Flash           Conj/Hex       6%         N/A       67%         3
 Frozen Ramparts          Ice            6%         1d1       67%         3
 Gell's Gravitas          Tloc           3%         N/A       67%         3
 Hailstorm                Conj/Ice       3%         3d3       67%         3
 Inner Flame              Hex/Fire       3%         N/A       67%         3
 Mephitic Cloud           Conj/Pois/Air  3%         N/A       67%         3
 Ozocubu's Armour         Ice            3%         N/A       67%         3
 Summon Guardian Golem    Hex/Summ       3%         N/A       67%         3
 Swiftness                Air            3%         N/A       67%         3
 Teleport Other           Tloc           3%         N/A       67%         3
 Tukima's Dance           Hex            3%         N/A       67%         3
 Vhi's Electric Charge    Tloc/Air       6%         N/A       67%         3
 Volatile Blastmotes      Fire/Tloc      6%         2d10      67%         3
 Dragon Form              Tmut           10%        N/A       89%         7
 Iron Shot                Conj/Erth      7%         9d2       92%         6
 Airstrike                Air            1%         2d(1-17)  97%         4
 Anguish                  Hex/Necr       1%         N/A       97%         4
 Cause Fear               Hex            1%         N/A       97%         4
 Dispel Undead            Necr           3%         3d7       97%         4
 Flame Wave               Conj/Fire      3%         2d5       97%         4
 Fulminant Prism          Conj/Hex       1%         3d5       97%         4
 Iskenderun's Mystic Bla  Conj/Tloc      3%         2d3       97%         4
 Manifold Assault         Tloc           3%         N/A       97%         4
 Olgreb's Toxic Radiance  Pois           3%         N/A       97%         4
 Passage of Golubria      Tloc           3%         N/A       97%         4
 Sticky Flame             Conj/Fire      3%         2d3       97%         4
 Summon Ice Beast         Ice/Summ       3%         N/A       97%         4
 Summon Lightning Spire   Summ/Air       3%         N/A       97%         4
 Eringya's Noxious Bog    Tmut/Pois      6%         N/A       99%         6
 Arcjolt                  Conj/Air       1%         1d11      100%        5
 Fireball                 Conj/Fire      1%         3d3       100%        5
 Freezing Cloud           Conj/Ice/Air   1%         6-21      100%        5
 Metabolic Englaciation   Hex/Ice        1%         N/A       100%        5
 Silence                  Hex/Air        1%         N/A       100%        5
 Summon Forest            Summ/Tloc      1%         N/A       100%        5
 Summon Mana Viper        Hex/Summ       3%         N/A       100%        5
 Death Channel            Necr           1%         N/A       100%        6
 Dispersal                Tloc           1%         N/A       100%        6
 Simulacrum               Ice/Necr       1%         N/A       100%        6
 Starburst                Conj/Fire      1%         6d3       100%        6
 Summon Cactus Giant      Summ           1%         N/A       100%        6
 Enfeeble                 Hex            1%         N/A       100%        7
 Malign Gateway           Summ/Tloc      1%         N/A       100%        7
 Monstrous Menagerie      Summ           1%         N/A       100%        7
 Orb of Destruction       Conj           1%         9d5       100%        7
 Ozocubu's Refrigeration  Ice            1%         4d7       100%        7
 Spellforged Servitor     Conj/Summ      1%         N/A       100%        7
 Storm Form               Tmut/Air       6%         N/A       100%        7
 Summon Hydra             Summ           1%         N/A       100%        7
 Borgnjor's Revivificati  Necr           1%         N/A       100%        8
 Ignition                 Fire           1%         3d3       100%        8
 Lehudib's Crystal Spear  Conj/Erth      7%         10d3      100%        8
 Maxwell's Capacitive Co  Air            1%         ∞         100%        8
 Necromutation            Tmut/Necr      6%         N/A       100%        8
 Summon Horrible Things   Summ           1%         N/A       100%        8
 Death's Door             Necr           1%         N/A       100%        9
 Dragon's Call            Summ           1%         N/A       100%        9
 Fire Storm               Conj/Fire      1%         8d1       100%        9
 Polar Vortex             Ice            1%         N/A       100%        9
 Shatter                  Erth           13%        3d13*     100%        9


Dungeon Overview and Level Annotations

Branches:
Dungeon (15/15)            Temple (1/1) D:7            Lair (5/5) D:10
  Swamp (4/4) Lair:3       Spider (4/4) Lair:2        Slime (0/5) Lair:5
    Orc (2/2) D:11            Elf (3/3) Orc:2        Vaults (5/5) D:13
  Crypt (3/3) Vaults:3       Tomb (0/3) Crypt:3      Depths (4/4) D:15
    Zot (5/5) Depths:4     Bailey (visited)           IceCv (visited)
Desolation (visited)      Gauntlet (visited)

Altars:
Ashenzari
Cheibriados
Dithmenos
Elyvilon
Gozag
Kikubaaqudgha
Makhleb
Ru
Trog
Vehumet
Wu Jian
Xom
Yredelemnul
Zin
The Shining One
Jiyva
Lugonu

Shops:
D:5 [   D:6 ?   D:8 [   D:14 [[!   D:15 (   Orc:2 *=*!   Elf:1 !   Depths:3 (

Portals:
Hell: Depths:1 Depths:2 Depths:3 Depths:4
Abyss: Depths:2 Depths:3 Depths:4
Pandemonium: Depths:2
Ziggurat: Depths:4

Annotations:
D:10 exclusion: orange crystal statue
D:11 4 transporters
Lair:3 3 runed translucent doors, turdburglar's ghost, journeyman HOMo
Swamp:3 Mlioglotl
Elf:2 1 runed translucent door, rrossfarrar's ghost, adept FeBe
Vaults:2 1 transporter
Zot:1 3 runed translucent doors, exclusions: obsidian statue and 4 oklob plants, Urrumaza's ghost, master MfBe


Innate Abilities, Weirdness & Mutations

You are too large for most types of armour.
You have claws for hands.
You heal very quickly.
You are covered in fur. (AC +1)
You have tough skin. (AC +1)
You have a pair of small horns on your head.
You are partially covered in iridescent scales. (AC +2)
You are clumsy. (Dex -2)
Your flesh is heat resistant. (rF+)
You are very robust. (+20% HP)
Your spells are a little easier to cast, but a little less powerful.
You occasionally lose the ability to drink potions when taking damage.


Message History

(D) Dungeon (T) Temple (L) Lair (S) Swamp (N) Spider Nest (M) Slime Pits (O) Orcish Mines (E) Elven Halls (V) Vaults (C) Crypt (W) Tomb (U) Depths (H) Hell (Z) Zot
Where to? (Enter - D:1 @ (x,y), ? - help)
(D) Dungeon (T) Temple (L) Lair (S) Swamp (N) Spider Nest (M) Slime Pits (O) Orcish Mines (E) Elven Halls (V) Vaults (C) Crypt (W) Tomb (U) Depths (H) Hell (Z) Zot
Where to? (Enter - D:1 @ (x,y), ? - help)
There is a stone staircase leading up here.
You climb upwards.
There is a stone staircase leading down here.
HP restored.
There is a stone staircase leading up here.
You climb upwards.
There is a stone staircase leading down here.
There is a stone staircase leading up here.
You climb upwards.
There is a stone staircase leading down here.
There is a stone staircase leading up here.
You climb upwards.
There is a stone staircase leading down here.
An ice devil comes into view.
There is a stone staircase leading up here.
You climb upwards.
There is a stone staircase leading down here.
(D) Dungeon (T) Temple (L) Lair (S) Swamp (N) Spider Nest (M) Slime Pits (O) Orcish Mines (E) Elven Halls (V) Vaults (C) Crypt (W) Tomb (U) Depths (H) Hell (Z) Zot
Where to? (Enter - D:1 @ (x,y), ? - help)
You open the door.
There is an open door here.
There is a stone staircase leading up here.
You climb upwards.
There is a stone staircase leading down here.
You enter the shallow water.
There is a staircase leading out of the dungeon here.
You have escaped!

.## #######..###
..####..........##
...##..#####.##..# ...#..##
######.###### ### .....##
###≈≈≈≈♣~♣≈≈≈≈# #>#
...######.#≈.P.....P.≈# #.#
..†##.....#≈PPP...PPP≈# #.#
..........#♣.P.....P.♣#####.#
..###.#....~....@....~....#.#
...##†#.#.#♣.......♣.♣###.#.#
...##†#.#.#≈......♣♣♣≈# #.#.#
...##.....#≈.......♣.≈###...#
......#.#.#≈...♣.♣...≈##..###
....#...#.#≈≈≈≈♣.♣≈≈≈≈#..##
..#.......######.######.##
.#........##.# #........#
#...##.##.##.####.......#


There were no monsters in sight!

Vanquished Creatures
  11 dread liches
  5 ancient liches
  4 orbs of fire
  Tiamat (Zot:2)
  Mara (Depths:1)
  A juggernaut (Depths:3)
  Josephina (Crypt:1)
  Parghit (Zot:2)
  Boris (twice) (Crypt:1 Depths:2)
  the Lernaean hydra (Swamp:4)
  3 Killer Klowns (Zot:5)
  The ghost of Kabe the Fencer, a veteran BaIE of Cheibriados (Depths:1)
  Xtahua (Vaults:5)
  Saint Roka (Vaults:5)
  2 curse toes
  The ghost of Jyecw the Fencer, a veteran MiFi of Qazlal (Depths:1)
  15 golden dragons
  Arachne (Spider:2)
  2 bone dragons
  A Tzitzimitl (D:8)
  An iron giant (Vaults:5)
  4 electric golems
  A hellephant (Depths:1)
  27 Orb Guardians
  2 deep elf blademasters
  21 tentacled monstrosities
  3 titans
  9 acid blobs
  2 deep elf master archers (Elf:3)
  7 liches
  Asterion (Elf:3)
  3 sphinxes
  7 quicksilver dragons
  2 Executioners
  5 ancient champions
  5 death cobs
  The ghost of frimble the Warmonger, an adept DsGl of Okawaru (Depths:1)
  Frances (Swamp:2)
  Kirke (Spider:2)
  The ghost of Ubraesch the Brawler, an adept TrMo of Nemelex Xobeh (Depths:1)
  The ghost of iishen the Markscentaur, an adept CeHu of Okawaru (Spider:1)
  2 revenants (Crypt:3)
  8 tengu reavers
  The ghost of Lyckin the Peltast, an adept DjFi of the Shining One (Depths:1)
  14 shadow dragons
  5 draconian monks
  A fenstrider witch (Swamp:2)
  18 storm dragons
  An azure jelly (Depths:4)
  5 draconian knights
  20 fire giants
  2 iron dragons (Vaults:5)
  9 draconian scorchers
  8 frost giants
  3 emperor scorpions
  4 deep elf sorcerers
  A balrug (Depths:2)
  3 imperial myrmidons (Desolation)
  6 ghost moths
  7 draconian shifters
  15 vault wardens
  Louise (Elf:3)
  5 curse skulls
  A ghoul (Crypt:3)
  3 deep elf elementalists
  15 ironbound preservers
  23 stone giants
  7 draconian stormcallers
  An orc warlord (D:11)
  3 reapers
  5 ironbound thunderhulks
  42 very ugly things
  10 broodmothers
  3 draconian annihilators
  2 war gargoyles (Vaults:3)
  11 black draconians
  4 bunyips
  A lorocyproca (Depths:2)
  8 green draconians
  5 deep elf demonologists
  11 purple draconians
  16 red draconians
  7 eleionomae
  9 deep elf annihilators
  A dire elephant (Vaults:2)
  13 vampire knights
  A halazid warlock (Desolation)
  20 white draconians
  A minotaur (Gauntlet)
  22 spark wasps
  20 yellow draconians
  A quicksilver dragon zombie (Crypt:1)
  15 ettins
  8 eidola
  14 ragged hierophants
  3 crystal guardians (Desolation)
  3 entropy weavers
  11 deep elf death magi
  9 jiangshi
  A shambling mangrove (Swamp:2)
  18 yaktaur captains
  7 fire dragons
  6 servants of whispers
  2 spriggan zombies (Crypt:3)
  9 great orbs of eyes
  7 deep elf high priests
  12 hydras
  2 radroaches
  27 vault guards
  4 ironbound frosthearts
  5 ogre magi
  10 peacekeepers
  An anaconda (shapeshifter) (Depths:3)
  7 ice dragons
  2 jorogumos
  A ghost crab (Swamp:3)
  2 rakshasas
  4 spriggan air magi
  13 two-headed ogres
  5 death knights
  An alligator snapping turtle (Vaults:5)
  3 centaur warriors (D:13)
  31 dancing weapons
  14 alligators
  7 boulder beetles
  7 deep troll shamans
  7 tengu warriors
  12 vampire magi
  4 death yaks
  4 orc high priests
  9 spriggans
  2 spriggan berserkers
  8 hell hogs (Depths:1)
  6 deep troll earth magi
  A storm dragon zombie (Crypt:3)
  13 deep elf knights
  2 sixfirhies (D:14)
  A sun moth (Spider:3)
  2 hell knights
  A titan skeleton (Vaults:3)
  Lodul (D:12)
  4 goliath frogs
  2 iron trolls
  3 skysharks
  A death drake (Vaults:2)
  45 skeletal warriors
  49 deep trolls
  11 pharaoh ants
  3 spriggan druids
  4 shadow wraiths
  16 orb spiders
  An anaconda zombie (Crypt:3)
  12 lindwurms
  8 flayed ghosts
  3 bog bodies
  13 swamp dragons
  2 glowing orange brains
  An obsidian statue (Zot:5)
  An anaconda skeleton (Crypt:1)
  29 deep elf zephyrmancers
  An iron giant skeleton (Crypt:1)
  9 harpies
  25 phantasmal warriors
  10 wizards
  A lindwurm (shapeshifter) (Vaults:5)
  10 deep elf archers
  22 ironbound convokers
  4 steelbarb worms
  28 deep elf pyromancers
  A cyclops (shapeshifter) (Vaults:5)
  A frost giant zombie (Crypt:2)
  11 orc knights
  59 ugly things
  28 wolf spiders
  4 orc sorcerers
  9 necromancers
  A moth of wrath (shapeshifter) (Vaults:4)
  A wolf spider zombie (D:15)
  A shining eye (shapeshifter) (Depths:1)
  2 will-o-the-wisps
  An oklob plant (D:10)
  2 manticores
  39 moths of wrath
  6 cyclopes
  A centaur zombie (D:15)
  4 human skeletons
  2 ice statues
  21 vault sentinels
  A molten gargoyle (Desolation)
  6 demonic crawlers
  A titan simulacrum (Crypt:1)
  A stone giant skeleton (Crypt:1)
  6 torpor snails
  9 black mambas
  5 guardian serpents
  4 unseen horrors
  A dire elephant zombie (Crypt:2)
  A hellion (Zot:3)
  11 cane toads
  A rime drake (shapeshifter) (D:9)
  An elephant slug zombie (Crypt:3)
  2 gargoyles (D:10)
  A kobold demonologist (D:13)
  5 rime drakes
  Maggie (Lair:1)
  5 efreet
  An iron troll zombie (Crypt:1)
  2 tengu conjurers (Depths:3)
  A pale draconian skeleton (Crypt:2)
  8 komodo dragons
  7 freezing wraiths
  28 yaktaurs
  A death yak skeleton (Crypt:3)
  A harpy zombie (Crypt:3)
  An ice devil (D:7)
  3 yaktaur skeletons
  A mana viper zombie (Crypt:2)
  An anaconda simulacrum (IceCv)
  A hydra zombie (Crypt:3)
  A meliai (shapeshifter) (D:15)
  8 large abominations (Depths:2)
  A hornet (shapeshifter) (Zot:1)
  10 meliai
  29 tarantellas
  18 hornets
  7 trolls
  8 tyrant leeches
  17 blink frogs
  An ice dragon zombie (Crypt:2)
  3 raiju (D:14)
  61 saltlings
  A snapping turtle (shapeshifter) (Vaults:4)
  6 dream sheep
  A hydra skeleton (Crypt:3)
  An ettin zombie (Crypt:3)
  A stone giant simulacrum (Vaults:2)
  Grinder (D:5)
  37 jumping spiders
  A jumping spider (shapeshifter) (D:15)
  An air elemental (Elf:1)
  28 culicivoras
  40 slime creatures
  Sigmund (D:6)
  A black mamba zombie (Crypt:3)
  2 centaur simulacra
  A satyr skeleton (Crypt:3)
  3 water elementals
  3 shadows
  An ettin skeleton (Crypt:1)
  A vampire (D:12)
  15 wraiths
  2 dire elephant simulacra
  29 yaks
  4 fire elementals
  20 wyverns
  4 steam dragons
  3 hogs (Spider:2)
  A fire bat (Bailey)
  2 chaos spawn (Depths:2)
  4 basilisks
  Grum (D:9)
  4 death yak simulacra (IceCv)
  68 redbacks
  2 redbacks (shapeshifter)
  22 vampire mosquitoes
  Menkaure (D:6)
  15 swamp worms
  8 wargs
  A harpy simulacrum (Crypt:1)
  An ogre zombie (Vaults:2)
  A two-headed ogre zombie (Crypt:3)
  4 acid dragons
  An ogre skeleton (Vaults:3)
  13 water moccasins
  A naga zombie (Crypt:3)
  A hydra simulacrum (IceCv)
  A cane toad skeleton (Crypt:2)
  33 orc warriors
  5 swamp drakes (Swamp:4)
  2 sky beasts (D:8)
  16 black bears
  2 ice beasts
  20 ogres
  A boggart (Vaults:2)
  10 wolves
  17 centaurs
  2 phantoms
  Blork the orc (D:4)
  5 kobold brigands
  3 small abominations (Depths:2)
  8 bullfrogs
  2 scorpions
  3 gnoll sergeants
  3 cane toad simulacra (IceCv)
  An earth elemental (Elf:2)
  8 two-headed ogre simulacra (IceCv)
  A warg zombie (Crypt:3)
  Dowan (D:4)
  12 wights
  An elephant simulacrum (IceCv)
  A killer bee (shapeshifter) (Vaults:5)
  17 killer bees
  5 yak skeletons
  2 howler monkeys
  5 electric eels
  A wolf zombie (Crypt:1)
  A shapeshifter skeleton (Crypt:3)
  Crazy Yiuf (D:2)
  4 hounds
  18 jellies
  24 orc priests
  An iguana (D:5)
  Ijyb (D:3)
  25 orc wizards
  9 spriggan simulacra
  2 wolf simulacra (IceCv)
  A boggart skeleton (D:15)
  A killer bee zombie (Crypt:2)
  A tengu zombie (Crypt:1)
  Robin (D:2)
  21 gnolls
  7 adders
  3 naga simulacra (IceCv)
  A shadow imp (D:7)
  A steam dragon zombie (Crypt:1)
  9 white imps (IceCv)
  4 ufetubi (IceCv)
  A worm (D:2)
  4 dart slugs
  96 orcs
  14 ball pythons
  5 endoplasms
  6 giant cockroaches
  24 goblins
  15 hobgoblins
  3 jackals
  6 quokkas
  11 bats
  5 frilled lizards
  40 kobolds
  12 rats
2630 creatures vanquished.

Vanquished Creatures (collateral kills)
  A Killer Klown (Zot:5)
  2 ironbound preservers
  A vampire knight (Crypt:2)
  2 vault guards (D:13)
  2 servants of whispers (Desolation)
  A death yak (Lair:3)
  A deep troll (Vaults:3)
  A deep elf archer (Elf:2)
  3 ironbound convokers (Vaults:1)
  A deep elf pyromancer (D:13)
  A goliath frog zombie (Crypt:1)
  2 ugly things (D:13)
  A manticore (D:13)
  2 vault sentinels (Vaults:3)
  A kobold demonologist (D:13)
  A rime drake (Lair:4)
  A black draconian skeleton (Crypt:1)
  A meliai (D:13)
  An iron dragon simulacrum (Crypt:1)
  A slime creature (Vaults:3)
  A wraith (Crypt:1)
  A vampire mosquito (D:13)
  A harpy simulacrum (Crypt:1)
  An orc warrior (Orc:1)
  An ogre (Orc:1)
  A kobold brigand (D:13)
  An orc priest (Vaults:5)
  A goblin (D:2)
  A hobgoblin (D:2)
  2 kobolds (D:13)
  A rat (D:2)
39 creatures vanquished.

Vanquished Creatures (others)
  A walking frostbound tome (Depths:2)
  A demonspawn blood saint (Depths:2)
  A very ugly thing (Vaults:5)
  An ettin (Depths:2)
  A hydra (Swamp:3)
  An alligator (Swamp:3)
  5 dancing weapons
  A skeletal warrior (D:15)
  A deep troll (Zot:3)
  A wizard (D:15)
  A necromancer (Crypt:3)
  A yaktaur (Vaults:5)
  An anaconda simulacrum (IceCv)
  2 bloated husks
  A saltling (Desolation)
  A hornet (Swamp:4)
  A slime creature (D:13)
  2 spriggans (Swamp:4)
  A harpy simulacrum (IceCv)
  A warg (Vaults:5)
  Duvessa (D:4)
  An orc warrior (Vaults:5)
  A jelly (shapeshifter) (Vaults:5)
  2 jellies (Zot:1)
  2 orcs
  A ball python (D:4)
  14 foxfires
48 creatures vanquished.

Grand Total: 2717 creatures vanquished

Notes
Turn   | Place    | Note
-------+----------+-------------------------------------------
     0 | D:1      | UglyThing the Troll Chaos Knight began the quest for the
                  | Orb.
     0 | D:1      | Reached XP level 1. HP: 22/22 MP: 0/0
    41 | D:1      | XOM: silly message
   114 | D:1      | Reached XP level 2. HP: 28/29 MP: 1/1
   221 | D:1      | Reached XP level 3. HP: 25/36 MP: 2/2
   467 | D:2      | XOM: summons friendly ufetubus
   595 | D:2      | Reached skill level 4 in Unarmed Combat
   595 | D:2      | Reached XP level 4. HP: 45/45 MP: 3/3
   640 | D:2      | Found a radiant altar of Vehumet.
   642 | D:2      | Noticed Robin
   672 | D:2      | XOM: scenery: create altars
   674 | D:2      | Killed Robin
   848 | D:2      | Found a runed translucent door.
   849 | D:2      | Noticed Crazy Yiuf
   902 | D:2      | XOM: polymorph adder -> jackal
   987 | D:2      | XOM: cloud trail
   995 | D:2      | Killed Crazy Yiuf
   996 | D:2      | Reached XP level 5. HP: 16/54 MP: 4/4
  1031 | D:3      | XOM: scenery: summon butterflies
  1040 | D:3      | XOM: potion effect (attraction)
  1046 | D:3      | XOM: summons friendly crimson imp
  1167 | D:3      | XOM: give mutations
  1167 | D:3      | Gained mutation: Your magical capacity is low. (-10% MP)
                  | [Xom's mischief]
  1167 | D:3      | Gained mutation: Armour fits poorly on your strangely
                  | shaped body. [Xom's mischief]
  1167 | D:3      | Gained mutation: Your muscles are strong. (Str +4, Int/Dex
                  | -1) [Xom's mischief]
  1230 | D:3      | Found a glowing silver altar of Zin.
  1239 | D:3      | Noticed Ijyb
  1246 | D:3      | Killed Ijyb
  1247 | D:3      | Reached skill level 5 in Unarmed Combat
  1273 | D:3      | Noticed a black bear
  1319 | D:3      | Killed a black bear
  1320 | D:3      | Reached XP level 6. HP: 63/63 MP: 4/4
  1323 | D:3      | XOM: summons 4 hostile shadow creatures
  1574 | D:3      | Identified the +5 falchion of Wu Jian's Envy {heavy, Dex+2}
  1722 | D:3      | Found a glowing golden altar of the Shining One.
  1723 | D:3      | Found an ancient bone altar of Kikubaaqudgha.
  1724 | D:3      | XOM: give mutations
  1724 | D:3      | Gained mutation: You are robust. (+10% HP) [Xom's mischief]
  1724 | D:3      | Gained mutation: Your body sometimes deteriorates upon
                  | taking damage. [Xom's mischief]
  1724 | D:3      | Gained mutation: You have hidden genetic defects. [Xom's
                  | mischief]
  1724 | D:3      | Lost mutation: You are robust. (+10% HP) [Xom's mischief]
  1941 | D:3      | XOM: give mutation
  1941 | D:3      | Gained mutation: Your magical capacity is very low. (-20%
                  | MP) [Xom's mischief]
  2077 | D:4      | Noticed Duvessa
  2078 | D:4      | XOM: fake destruction
  2079 | D:4      | Noticed Dowan
  2082 | D:4      | XOM: confuse monster(s)
  2088 | D:4      | Killed Duvessa
  2088 | D:4      | XOM: divine lightning
  2089 | D:4      | XOM: summons 4 hostile demons
  2145 | D:4      | Killed Dowan
  2146 | D:4      | Reached skill level 5 in Fighting
  2146 | D:4      | Reached skill level 6 in Unarmed Combat
  2146 | D:4      | Reached XP level 7. HP: 46/72 MP: 4/4
  2153 | D:4      | Gained mutation: You sometimes lose your temper in combat.
                  | [hidden defects]
  2193 | D:4      | Gained mutation: Your magical capacity is extremely low.
                  | (-30% MP) [hidden defects]
  2193 | D:4      | Lost mutation: You have hidden genetic defects. [hidden
                  | defects expressed]
  2304 | D:4      | XOM: divination: detect creatures
  2345 | D:4      | XOM: cloud trail
  2422 | D:4      | XOM: silly message
  2493 | D:4      | Reached skill level 7 in Unarmed Combat
  2497 | D:4      | XOM: noise
  2548 | D:4      | XOM: scenery: create altars
  2781 | D:4      | Noticed Blork the orc
  2781 | D:4      | XOM: fog
  2790 | D:4      | Killed Blork the orc
  2791 | D:4      | Reached XP level 8. HP: 83/83 MP: 4/4
  2801 | D:4      | Found a bloodstained altar of Trog.
  2914 | D:5      | Entered Level 5 of the Dungeon
  2929 | D:5      | Found a transporter.
  2931 | D:5      | Found Mer Lunt's Armour Boutique.
  2965 | D:5      | XOM: give mutations
  2965 | D:5      | Lost mutation: You sometimes lose your temper in combat.
                  | [Xom's mischief]
  2965 | D:5      | Lost mutation: Your body sometimes deteriorates upon taking
                  | damage. [Xom's mischief]
  2965 | D:5      | Gained mutation: You have a pair of small antennae on your
                  | head. [Xom's mischief]
  2965 | D:5      | Lost mutation: Armour fits poorly on your strangely shaped
                  | body. [Xom's mischief]
  2971 | D:5      | Found a transporter.
  3006 | D:5      | XOM is BORED!
  3006 | D:5      | XOM: 2-stop teleportation journey
  3037 | D:5      | XOM: stat loss: -1 Str (26/27)
  3120 | D:5      | XOM: give mutations
  3120 | D:5      | Gained mutation: You passively dampen the noise of your
                  | surroundings. [Xom's mischief]
  3120 | D:5      | Gained mutation: You are resistant to electric shocks.
                  | (rElec) [Xom's mischief]
  3120 | D:5      | Gained mutation: Your spells are a little easier to cast,
                  | but a little less powerful. [Xom's mischief]
  3192 | D:5      | Found a large runed translucent door.
  3192 | D:5      | Found a large runed translucent door.
  3194 | D:5      | Found a shimmering altar of Xom.
  3196 | D:5      | Identified the +1 dagger of the Unspeakable One {chaos,
                  | rF+}
  3354 | D:5      | Reached skill level 8 in Unarmed Combat
  3490 | D:5      | You fall into a shaft and drop 3 floors!
  3570 | D:8      | Noticed a red ugly thing
  3573 | D:8      | XOM: cleaving
  3574 | D:8      | XOM: confuse monster(s)
  3577 | D:8      | XOM: summons friendly crimson imp
  3589 | D:8      | Killed a red ugly thing
  3590 | D:8      | Reached skill level 9 in Unarmed Combat
  3590 | D:8      | Reached XP level 9. HP: 32/94 MP: 5/5
  3753 | D:7      | Found a staircase to the Ecumenical Temple.
  3809 | D:7      | Found a basalt altar of Yredelemnul.
  3812 | D:7      | Found a sacrificial altar of Ru.
  3975 | D:7      | XOM: noise
  4102 | D:6      | XOM: divination: detect creatures
  4117 | D:6      | XOM: potion effect (experience)
  4117 | D:6      | Reached skill level 10 in Fighting
  4117 | D:6      | Reached skill level 12 in Unarmed Combat
  4117 | D:6      | Reached XP level 10. HP: 111/111 MP: 6/6
  4136 | D:6      | Found The Oracle's Delphic Readings.
  4140 | D:6      | Bought a scroll of teleportation for 30 gold pieces
  4199 | D:6      | Noticed Menkaure
  4205 | D:6      | Killed Menkaure
  4338 | D:5      | Noticed Grinder
  4343 | D:5      | Killed Grinder
  4494 | D:6      | XOM: god gift: 6 stones
  4809 | D:6      | Noticed Sigmund
  4812 | D:6      | Killed Sigmund
  5082 | D:6      | XOM: cloud trail
  5407 | D:7      | XOM: potion effect (brilliance)
  5625 | D:8      | Found Zyassebb's Antique Armour Shop.
  5704 | D:8      | XOM: silly message
  5719 | D:8      | XOM: potion effect (brilliance)
  5761 | D:8      | Reached XP level 11. HP: 75/119 MP: 6/6
  5845 | D:8      | XOM: potion effect (heal wounds)
  5846 | D:8      | Reached skill level 13 in Unarmed Combat
  5926 | D:8      | XOM: divination: detect creatures
  5948 | D:8      | XOM: give mutations
  5948 | D:8      | Gained mutation: You are covered in thick fur. (AC +2)
                  | [Xom's mischief]
  5948 | D:8      | Lost mutation: Your spells are a little easier to cast, but
                  | a little less powerful. [Xom's mischief]
  6024 | D:8      | Noticed a two-headed ogre
  6025 | D:8      | XOM: summons 5 friendly demons
  6027 | D:8      | XOM: enchant monster (good)
  6038 | D:8      | Killed a two-headed ogre
  6122 | D:8      | XOM: give mutations
  6122 | D:8      | Gained mutation: You are strong-willed. (Will+) [Xom's
                  | mischief]
  6122 | D:8      | Gained mutation: You occasionally lose the ability to drink
                  | potions when taking damage. [Xom's mischief]
  6230 | D:8      | XOM: scenery: create altars
  6436 | D:9      | XOM: potion effect (might)
  6578 | D:9      | XOM: summons friendly ufetubus
  6682 | D:9      | XOM: give mutations
  6682 | D:9      | Gained mutation: Your flesh is heat resistant. (rF+) [Xom's
                  | mischief]
  6682 | D:9      | Lost mutation: Your magical capacity is extremely low.
                  | (-30% MP) [Xom's mischief]
  6683 | D:9      | XOM: give mutations
  6683 | D:9      | Lost mutation: You are covered in thick fur. (AC +2) [Xom's
                  | mischief]
  6683 | D:9      | Lost mutation: You are resistant to electric shocks.
                  | (rElec) [Xom's mischief]
  6683 | D:9      | Gained mutation: Your system is resistant to poisons.
                  | (rPois) [Xom's mischief]
  6821 | D:9      | Found a burning altar of Makhleb.
  6912 | D:9      | XOM: draining
  7169 | D:9      | Found a broken altar of Ashenzari.
  7359 | D:9      | Noticed a four-headed hydra
  7359 | D:9      | Noticed Grum
  7434 | D:9      | XOM: confuse monster(s)
  7439 | D:9      | Killed Grum
  7446 | D:9      | XOM: smoke on damage
  7447 | D:9      | Reached skill level 14 in Unarmed Combat
  7622 | D:10     | XOM: noise
  7622 | D:10     | Entered Level 10 of the Dungeon
  7691 | D:10     | Found a staircase to the Lair.
  7777 | D:10     | Noticed an oklob plant
  7777 | D:10     | XOM: confusion (+ monsters)
  7821 | D:10     | Reached skill level 1 in Armour
  7908 | D:10     | Killed an oklob plant
  7977 | D:10     | Found a flagged portal.
  7989 | Bailey   | Entered a bailey
  8004 | Bailey   | Noticed an orc knight
  8015 | Bailey   | XOM: polymorph kobold -> gnoll
  8027 | Bailey   | Killed an orc knight
  8028 | Bailey   | Reached XP level 12. HP: 108/132 MP: 8/8
  8071 | Bailey   | XOM: polymorph orc warrior -> fire bat
  8074 | Bailey   | XOM: polymorph orc warrior -> hornet
  8075 | Bailey   | a hornet changed into an entropy weaver
  8075 | Bailey   | Noticed an entropy weaver
  8075 | Bailey   | XOM: polymorph hornet -> entropy weaver
  8078 | Bailey   | XOM: fog
  8081 | Bailey   | Killed an entropy weaver
  8296 | D:10     | XOM: give mutations
  8296 | D:10     | Lost mutation: You have a pair of small antennae on your
                  | head. [Xom's mischief]
  8296 | D:10     | Gained mutation: Your magical capacity is extremely low.
                  | (-30% MP) [Xom's mischief]
  8296 | D:10     | Lost mutation: You are strong-willed. (Will+) [Xom's
                  | mischief]
  8312 | D:10     | XOM: scenery: create altars
  8684 | D:10     | Noticed a two-headed ogre
  8708 | D:10     | XOM: confuse monster(s)
  8760 | D:10     | XOM: cleaving
  8768 | D:10     | XOM: summons friendly crimson imp
  8781 | D:10     | XOM: fog
  8855 | D:10     | Identified the ring of Ofafuup {rF- rC++ rN+ Will+++ Str-4
                  | Int+6}
  8896 | Lair:1   | Entered Level 1 of the Lair of Beasts
  8911 | Lair:1   | Identified a scroll of acquirement
  8911 | Lair:1   | Acquired the ring of Cheibriados's Esteem {rElec Will+
                  | Str+2}
  8930 | Lair:1   | Learned a level 5 spell: Borgnjor's Vile Clutch
  9065 | Lair:1   | Reached skill level 1 in Earth Magic
  9067 | Lair:1   | XOM: cleaving
  9072 | Lair:1   | Reached skill level 1 in Spellcasting
  9076 | Lair:1   | Found a frozen archway.
  9104 | IceCv    | Entered an ice cave
  9149 | IceCv    | XOM: cast spell 'Olgreb's Toxic Radiance'
  9152 | IceCv    | XOM: confuse monster(s)
  9331 | IceCv    | XOM: noise
  9453 | IceCv    | XOM: divine lightning
  9484 | IceCv    | Noticed a reaper
  9573 | IceCv    | Identified the +9 war axe of Lirono {protect, rC+ Will+}
  9662 | Lair:1   | Reached skill level 1 in Shields
  9721 | Lair:1   | Got the Omnibus of the Entourage
  9777 | Lair:1   | Noticed Maggie
  9783 | Lair:1   | XOM: fake destruction
  9784 | Lair:1   | Killed Maggie
  9784 | Lair:1   | XOM: cleaving
  9786 | Lair:1   | XOM: potion effect (haste)
  9912 | Lair:1   | XOM: 1-stop teleportation journey
  9947 | Lair:1   | XOM: noise
  9948 | Lair:1   | XOM: silly message
 10021 | Lair:1   | XOM: summons friendly crimson imp
 10029 | Lair:1   | Reached skill level 15 in Unarmed Combat
 10408 | Lair:2   | Found a hole to the Spider Nest.
 10554 | Lair:2   | XOM: blink monster(s)
 10591 | Lair:2   | XOM: silly message
 10594 | Lair:2   | XOM: chaos cloud
 10609 | Lair:2   | XOM: stat loss: -1 Int (6/7)
 10610 | Lair:2   | XOM: repel stairs
 10612 | Lair:2   | XOM: confusion
 10613 | Lair:2   | XOM: potion effect (attraction)
 10615 | Lair:2   | XOM: summons friendly ufetubus
 10622 | Lair:2   | Reached XP level 13. HP: 56/141 MP: 10/10
 10715 | Lair:2   | Found a snail-covered altar of Cheibriados.
 10764 | Lair:2   | XOM: potion effect (invisibility)
 11205 | Lair:3   | Found a runed translucent gate.
 11205 | Lair:3   | Found a runed translucent gate.
 11205 | Lair:3   | Found a runed translucent gate.
 11210 | Lair:3   | Noticed a minotaur
 11210 | Lair:3   | Noticed turdburglar's ghost (journeyman HOMo)
 11284 | Lair:3   | XOM: cleaving
 11295 | Lair:3   | Found a staircase to the Swamp.
 11370 | Lair:3   | XOM: summons 3 friendly demons
 11372 | Lair:3   | XOM: polymorph crimson imp -> iron imp
 11375 | Lair:3   | XOM: cast spell 'Chain of Chaos'
 11637 | Lair:3   | XOM: silly message
 11643 | Lair:3   | XOM: destruction
 11658 | Lair:2   | XOM: enchant monster (good)
 11956 | Lair:3   | XOM: potion effect (invisibility)
 12045 | Lair:3   | XOM: potion effect (brilliance)
 12100 | Lair:3   | XOM: silly message
 12240 | Lair:4   | XOM: scenery: create altars
 12291 | Lair:4   | XOM: cleaving
 12294 | Lair:4   | Reached skill level 5 in Earth Magic
 12364 | Lair:4   | Paralysed by a hornet for 2 turns
 12371 | Lair:4   | XOM: enchant monster (good)
 12654 | Lair:4   | XOM: summons 13 friendly demons
 12818 | Lair:4   | Reached skill level 5 in Shields
 12828 | Lair:4   | XOM: confusion
 12832 | Lair:4   | XOM: cast spell 'Olgreb's Toxic Radiance'
 12918 | Lair:5   | Entered Level 5 of the Lair of Beasts
 12979 | Lair:5   | XOM: potion effect (invisibility)
 13073 | Lair:5   | Found a staircase to the Slime Pits.
 13073 | Lair:5   | Found a viscous altar of Jiyva.
 13073 | Lair:5   | XOM: 1-stop teleportation journey
 13091 | Lair:5   | Reached skill level 1 in Evocations
 13104 | Lair:5   | Identified the +4 scale mail of Vlad {rElec Will+ Int+3}
 13110 | Lair:5   | XOM: 1-stop teleportation journey
 13158 | Lair:5   | Reached XP level 14. HP: 150/153 MP: 11/11
 13198 | Lair:5   | XOM: noise
 13252 | Lair:5   | XOM: cleaving
 13310 | Lair:5   | XOM: divination: magic mapping
 13335 | Lair:5   | XOM: scenery: summon butterflies
 13335 | Lair:5   | Paralysed by a hornet for 3 turns
 13361 | Lair:5   | Reached skill level 16 in Unarmed Combat
 13510 | Lair:5   | XOM: snakes to sticks
 13591 | Lair:5   | XOM: cleaving
 13593 | Lair:5   | XOM: summons 6 friendly demons
 13594 | Lair:5   | XOM: confuse monster(s)
 13631 | Lair:5   | Acquired 763 gold pieces
 13633 | Lair:5   | Acquired 1001 gold pieces
 13706 | Lair:5   | XOM: 8-stop teleportation journey
 13708 | Lair:5   | XOM: polymorph blink frog -> harpy
 13729 | Lair:5   | XOM: cast spell 'Disjunction'
 13929 | Lair:5   | XOM: 4-stop teleportation journey
 14198 | Lair:5   | XOM: cloud trail
 14405 | D:11     | Found a gate leading to a gauntlet.
 14409 | Gauntlet | Entered a Gauntlet
 14409 | Gauntlet | Found a transporter.
 14409 | Gauntlet | Found a transporter.
 14411 | Gauntlet | Found a transporter.
 14411 | Gauntlet | Found a transporter.
 14415 | Gauntlet | Found a transporter.
 14415 | Gauntlet | Found a transporter.
 14450 | Gauntlet | Found a transporter.
 14451 | Gauntlet | Found a transporter.
 14455 | Gauntlet | Found a runed translucent door.
 14455 | Gauntlet | Found a runed translucent door.
 14461 | Gauntlet | Found a transporter.
 14477 | Gauntlet | Found a transporter.
 14491 | Gauntlet | Found a transporter.
 14495 | Gauntlet | Found a transporter.
 14612 | Gauntlet | Identified the +6 long sword "Soilomown" {drain, rPois rC+
                  | rCorr}
 14645 | Gauntlet | XOM: divine lightning
 14660 | Gauntlet | Identified the +2 cloak of Etesihon {rN+ Str+8 Dex-4}
 14673 | Gauntlet | XOM: silly message
 14694 | Gauntlet | Found the dreamshard necklace {*Dream Drain}
 14708 | Gauntlet | Got the Spellbook of the Called Anticline
 14802 | D:11     | XOM: cloud trail
 14850 | D:11     | Found a transporter.
 14856 | D:11     | Found a transporter.
 14860 | D:11     | Found a transporter.
 14925 | D:11     | Found a transporter.
 14963 | D:11     | XOM: scenery: summon butterflies
 14980 | D:11     | XOM: fog
 14994 | D:11     | XOM: polymorph butterfly -> river rat
 15159 | D:11     | XOM: confuse monster(s)
 15277 | D:11     | Found a portal to a secret trove of treasure.
 15500 | D:11     | Found a staircase to the Orcish Mines.
 15509 | Orc:1    | Entered Level 1 of the Orcish Mines
 15514 | Orc:1    | XOM: scenery: create altars
 15585 | Orc:1    | XOM: polymorph orc warrior -> wolf
 15664 | Orc:1    | Found a bloodstained altar of Trog.
 15671 | Orc:1    | Noticed an orc warlord
 15713 | Orc:1    | XOM: smoke on damage
 15803 | D:11     | Identified the ring of Freedom {rElec rC- rN++ Will+} (Xom
                  | gifted it to you on level 11 of the Dungeon)
 15803 | D:11     | XOM: god gift: ring of Freedom {rElec rC- rN++ Will+}
 15822 | D:11     | Killed an orc warlord
 15831 | D:11     | XOM: draining
 15873 | Orc:1    | XOM: god gift: ring of flight
 15877 | Orc:1    | XOM: god gift: wand of charming (6)
 16086 | Orc:1    | XOM: 2-stop teleportation journey
 16129 | Orc:2    | Entered Level 2 of the Orcish Mines
 16164 | Orc:2    | XOM: enchant monster (good)
 16171 | Orc:2    | XOM: polymorph orc priest -> gnoll
 16220 | Orc:2    | XOM: 1-stop teleportation journey
 16233 | Orc:2    | XOM: scenery: summon butterflies
 16300 | Orc:2    | Found a staircase to the Elven Halls.
 16469 | Orc:2    | XOM: cast spell 'Necromutation'
 16548 | Orc:2    | XOM: summons 2 friendly demons
 16556 | Orc:2    | Found Afuifion's Distillery.
 16556 | Orc:2    | Found Potruk's General Store.
 16558 | Orc:2    | Found Puromoge's Assorted Antiques.
 16558 | Orc:2    | Found Zaac's Jewellery Emporium.
 16564 | Orc:2    | Bought a potion of heal wounds for 70 gold pieces
 16569 | Orc:2    | Bought a potion of curing for 48 gold pieces
 16569 | Orc:2    | Bought a scroll of fog for 64 gold pieces
 16572 | Orc:2    | Bought a potion of curing for 90 gold pieces
 16572 | Orc:2    | Bought a scroll labelled NIBBIE MIUQUNT for 30 gold pieces
 16572 | Orc:2    | Bought 2 viscous black potions for 54 gold pieces
 16574 | Orc:2    | Bought a potion of invisibility for 112 gold pieces
 16574 | Orc:2    | Bought a potion of degeneration for 14 gold pieces
 16574 | Orc:2    | Bought a potion of curing for 42 gold pieces
 16574 | Orc:2    | Bought a potion of haste for 140 gold pieces
 16574 | Orc:2    | Bought a potion of mutation for 112 gold pieces
 16577 | Orc:2    | Bought a scroll of identify for 60 gold pieces
 16579 | Orc:2    | Bought a scroll of identify for 60 gold pieces
 16739 | Lair:1   | Learned a level 2 spell: Passwall
 17098 | D:12     | Noticed Lodul
 17100 | D:12     | XOM: silly message
 17122 | D:11     | XOM: confusion (+ monsters)
 17162 | D:12     | XOM: destruction
 17168 | D:12     | Killed Lodul
 17495 | D:12     | XOM: cloud trail
 17660 | D:12     | XOM: summons 8 hostile demons
 17704 | D:12     | XOM: divination: detect creatures
 17966 | D:13     | Found a gate to the Vaults.
 17967 | D:13     | XOM: cleaving
 17970 | D:13     | XOM: confuse monster(s)
 17986 | D:13     | Reached XP level 15. HP: 165/165 MP: 12/12
 17988 | D:13     | Reached skill level 17 in Unarmed Combat
 18172 | D:13     | XOM: enchant monster (good)
 18177 | D:13     | XOM: cast spell 'Call Canine Familiar'
 18218 | D:13     | XOM: polymorph slime creature -> moth of wrath
 18226 | D:13     | XOM: noise
 18271 | D:13     | Found an ornate altar of the Wu Jian Council.
 18870 | D:13     | XOM: give mutations
 18870 | D:13     | Lost mutation: Your flesh is heat resistant. (rF+) [Xom's
                  | mischief]
 18870 | D:13     | Gained mutation: Your muscles are very strong. (Str +8,
                  | Int/Dex -2) [Xom's mischief]
 18929 | D:14     | Found Voatt's Distillery.
 18944 | D:14     | Bought a potion of curing for 39 gold pieces
 18944 | D:14     | Bought a potion of invisibility for 104 gold pieces
 18944 | D:14     | Bought a potion of might for 52 gold pieces
 18944 | D:14     | Bought 2 potions of heal wounds for 130 gold pieces
 18944 | D:14     | Bought a potion of curing for 39 gold pieces
 18944 | D:14     | Bought a potion of curing for 39 gold pieces
 19043 | D:14     | XOM: cleaving
 19113 | D:14     | Found a corrupted altar of Lugonu.
 19119 | D:14     | Found Usse Feo's Armour Emporium.
 19176 | D:14     | XOM: confuse monster(s)
 19257 | D:14     | XOM: chaos upgrade
 19348 | D:14     | Noticed a storm dragon
 19359 | D:14     | Killed a storm dragon
 19416 | D:14     | XOM: give mutation
 19428 | D:14     | Found the +8 storm bow {elec, penet}
 19448 | D:14     | Found Zoseips's Armour Shoppe.
 19614 | D:14     | XOM: polymorph brown ugly thing -> green ugly thing
 20101 | D:14     | XOM: give mutations
 20101 | D:14     | Lost mutation: You passively dampen the noise of your
                  | surroundings. [Xom's mischief]
 20101 | D:14     | Gained mutation: You occasionally shout uncontrollably at
                  | your foes. [Xom's mischief]
 20109 | D:15     | Entered Level 15 of the Dungeon
 20219 | D:15     | Reached skill level 15 in Fighting
 20237 | D:15     | XOM: confuse monster(s)
 20298 | D:15     | XOM: divine lightning
 20340 | D:15     | XOM: cast spell 'Summon Cactus Giant'
 20441 | D:15     | Found Jaffow's Weapon Boutique.
 20609 | D:15     | XOM: smoke on damage
 20701 | D:15     | XOM: give mutation
 20701 | D:15     | Gained mutation: You passively map a small area around you.
                  | [Xom's mischief]
 20939 | D:15     | XOM: smoke on damage
 20978 | D:15     | XOM: god gift: war axe {god gift}
 20988 | D:15     | Found a staircase to the Depths.
 21461 | Lair:1   | XOM: silly message
 21539 | Swamp:1  | Entered Level 1 of the Swamp
 21549 | Swamp:1  | Reached skill level 5 in Armour
 21558 | Swamp:1  | XOM: potion effect (attraction)
 21560 | Swamp:1  | XOM: potion effect (berserk rage)
 21563 | Swamp:1  | Reached XP level 16. HP: 176/176 MP: 13/13
 21618 | Swamp:1  | XOM: silly message
 21663 | Swamp:1  | XOM: god gift: 15 gold pieces
 21806 | Swamp:1  | XOM: divination: detect items
 21814 | Swamp:1  | XOM: 2-stop teleportation journey
 21934 | Swamp:1  | Reached skill level 5 in Evocations
 21972 | Swamp:1  | XOM: give mutations
 21972 | Swamp:1  | Gained mutation: You are dopey. (Int -2) [Xom's mischief]
 21972 | Swamp:1  | Lost mutation: You are dopey. (Int -2) [Xom's mischief]
 21972 | Swamp:1  | Lost mutation: You passively map a small area around you.
                  | [Xom's mischief]
 21993 | Swamp:1  | XOM: destruction
 22030 | Swamp:1  | XOM: noise
 22051 | Swamp:1  | XOM: summons 4 hostile shadow creatures
 22202 | Swamp:1  | XOM: give mutations
 22202 | Swamp:1  | Gained mutation: You are robust. (+10% HP) [Xom's mischief]
 22202 | Swamp:1  | Lost mutation: Your magical capacity is extremely low.
                  | (-30% MP) [Xom's mischief]
 22202 | Swamp:1  | Gained mutation: A frigid envelope surrounds you and
                  | freezes all who hurt you. [Xom's mischief]
 22487 | Swamp:2  | XOM: summons 3 hostile demons
 22509 | Swamp:2  | Noticed Frances
 22524 | Swamp:2  | Killed Frances
 22676 | Swamp:2  | XOM: smoke on damage
 22689 | Swamp:2  | Reached skill level 10 in Shields
 22689 | Swamp:2  | Reached skill level 18 in Unarmed Combat
 22746 | Swamp:2  | XOM: summons 9 hostile demons
 22812 | Swamp:2  | XOM: 4-stop teleportation journey
 22930 | Swamp:2  | XOM: 3-stop teleportation journey
 23032 | Swamp:2  | Paralysed by a fenstrider witch for 2 turns
 23222 | Swamp:2  | XOM: god gift: wand of polymorph (4)
 23441 | Swamp:3  | Noticed Mlioglotl
 23444 | Swamp:3  | Noticed a bone dragon
 23445 | Swamp:3  | XOM: confuse monster(s)
 23464 | Swamp:2  | XOM: silly message
 23502 | Swamp:4  | Entered Level 4 of the Swamp
 23653 | Swamp:4  | XOM: scenery: summon butterflies
 23666 | Swamp:4  | XOM: destruction
 23784 | Swamp:3  | XOM: fog
 23986 | Swamp:4  | XOM is BORED!
 24036 | Swamp:4  | XOM: summons friendly white imp
 24398 | Swamp:4  | XOM: summons friendly shadow imp
 24421 | Swamp:4  | Noticed the 27-headed Lernaean hydra
 24424 | Swamp:4  | XOM: cast spell 'Dispersal'
 24428 | Swamp:4  | XOM: scenery: summon butterflies
 24540 | Swamp:3  | XOM: confuse monster(s)
 24596 | Swamp:3  | XOM: 3-stop teleportation journey
 24607 | Swamp:3  | XOM: enchant monster (good)
 24738 | Swamp:3  | XOM: summons 2 friendly demons
 24906 | Swamp:4  | Killed the 27-headed Lernaean hydra
 24907 | Swamp:4  | Reached XP level 17. HP: 202/202 MP: 16/16
 24950 | Swamp:4  | Got a decaying rune of Zot
 25250 | Vaults:1 | Entered Level 1 of the Vaults
 25299 | Vaults:2 | XOM: cleaving
 25358 | Vaults:2 | XOM: polymorph vault warden -> eleionoma
 25361 | Vaults:2 | XOM: blink monster(s)
 25475 | Vaults:2 | XOM: scenery: 1 doors close
 25478 | Vaults:2 | XOM: summons 4 friendly demons
 25480 | Vaults:2 | XOM: enchant monster (bad)
 25499 | Vaults:2 | XOM: cast spell 'Leda's Liquefaction'
 25588 | Vaults:2 | XOM: polymorph deep troll -> redback
 25590 | Vaults:2 | XOM: summons friendly chaos spawn
 25601 | Vaults:2 | XOM: polymorph yaktaur captain -> quicksilver ooze
 25629 | Vaults:2 | XOM: confusion
 25631 | Vaults:2 | XOM: fog
 25641 | Vaults:2 | XOM: confusion
 25744 | Vaults:2 | XOM: polymorph deep troll -> death drake
 25810 | Vaults:2 | Found a crumbling gateway.
 25814 | Desolati | Entered the Desolation of Salt
 25922 | Desolati | XOM: confusion
 26004 | Desolati | XOM: chaos upgrade
 26034 | Desolati | XOM: noise
 26087 | Desolati | XOM: smoke on damage
 26113 | Desolati | XOM: give mutation
 26113 | Desolati | Gained mutation: You are agile. (Dex +4, Str/Int -1) [Xom's
                  | mischief]
 26115 | Desolati | XOM: chaos upgrade
 26194 | Desolati | XOM: enchant monster (good)
 26210 | Desolati | XOM: cast spell 'Cause Fear'
 26213 | Desolati | XOM: confuse monster(s)
 26215 | Desolati | XOM: divination: detect creatures
 26221 | Desolati | XOM: noise
 26229 | Desolati | Identified the +9 short sword "Nopuufes" {flame, rN+ Str-3
                  | Int+6}
 26229 | Desolati | Identified the amulet "Buckuh" {Spirit rC+ Str-2 Dex+3}
 26242 | Desolati | XOM: potion effect (brilliance)
 26247 | Desolati | XOM: summons 4 friendly demons
 26259 | Desolati | XOM: confuse monster(s)
 26299 | Desolati | XOM: confusion (+ monsters)
 26344 | Desolati | XOM: cloud trail
 26441 | Desolati | Found the necklace of Bloodlust {Fury *Rage Will++ Int-3
                  | Slay+6}
 26461 | Desolati | Identified the +1 robe "Odevvy" {rF+ Dex-5 Stlth+}
 26469 | Desolati | XOM: silly message
 26485 | Desolati | Identified the +10 battleaxe of Annihilation {flame, Dex+2}
 26540 | Desolati | Identified the +5 scale mail "Wuzochen" {Str+3 SInv}
 26542 | Desolati | Got Impaam's Catalogue of Windy Combustion
 26548 | Desolati | Reached skill level 19 in Unarmed Combat
 26579 | Desolati | Identified the +0 robe of Foosuiga {rPois rF- rCorr}
 26596 | Desolati | Found the +9 sword of Power {lifebolt}
 26604 | Desolati | XOM: blink monster(s)
 26609 | Desolati | Reached XP level 18. HP: 190/215 MP: 17/17
 26617 | Desolati | XOM: summons 2 friendly demons
 26745 | Desolati | XOM: destruction
 26765 | Desolati | XOM: noise
 26773 | Desolati | XOM: divination: detect creatures
 26774 | Desolati | XOM: give mutations
 26774 | Desolati | Gained mutation: You possess an exceptional clarity of
                  | mind. [Xom's grace]
 26774 | Desolati | Gained mutation: You have sharp toenails. [Xom's grace]
 26774 | Desolati | Gained mutation: Your spells are a little harder to cast,
                  | but a little more powerful. [Xom's grace]
 26808 | Desolati | XOM: 3-stop teleportation journey
 26889 | Desolati | Identified the +9 great sword "Iroalepn" {speed, rC- rN+
                  | Dex+2 SInv}
 26891 | Desolati | Identified the +4 scimitar of the Demagogue {drain, Int+3}
 26893 | Desolati | Got Itudem's Reference Book on the Black Widow and Moulding
 27046 | Desolati | XOM: 1-stop teleportation journey
 27187 | Desolati | XOM: give mutations
 27187 | Desolati | Gained mutation: Your spells are harder to cast, but more
                  | powerful. [Xom's grace]
 27187 | Desolati | Gained mutation: You are partially covered in large bone
                  | plates. (SH +4) [Xom's grace]
 27187 | Desolati | Gained mutation: You are very robust. (+20% HP) [Xom's
                  | grace]
 27220 | Desolati | XOM: summons 2 friendly demons
 27372 | Vaults:2 | Found a bloodstained altar of Trog.
 27372 | Vaults:2 | Found the +8 Wrath of Trog {antimagic, *Rage Rampage}
 27490 | Vaults:2 | XOM: enchant monster (good)
 27550 | Vaults:2 | XOM: potion effect (brilliance)
 27551 | Vaults:2 | XOM: confuse monster(s)
 27555 | Vaults:2 | XOM: fog
 27578 | Vaults:2 | XOM: scenery: 1 doors close
 27586 | Vaults:2 | You fall into a shaft and drop 1 floor!
 27642 | Vaults:3 | XOM: give mutation
 27642 | Vaults:3 | Gained mutation: You are somewhat resistant to further
                  | mutation. [Xom's grace]
 27673 | Vaults:3 | XOM: summons friendly ufetubus
 27819 | Vaults:3 | XOM: potion effect (invisibility)
 27916 | Vaults:2 | XOM: silly message
 28265 | Vaults:2 | XOM: silly message
 28324 | Vaults:2 | XOM: fake destruction
 28478 | Vaults:2 | XOM: potion effect (attraction)
 28628 | Vaults:2 | Found a transporter.
 28776 | Vaults:1 | XOM: blink monster(s)
 28783 | Vaults:1 | XOM: noise
 28882 | Vaults:1 | XOM: summons friendly iron imp
 29077 | Vaults:1 | XOM: enchant monster (bad)
 29177 | Vaults:1 | XOM: destruction
 29181 | Vaults:1 | XOM: summons 2 friendly demons
 29317 | Vaults:1 | XOM: fake destruction
 29318 | Vaults:1 | XOM: 3-stop teleportation journey
 29469 | Vaults:1 | XOM: potion effect (berserk rage)
 29474 | Vaults:1 | XOM: give mutations
 29474 | Vaults:1 | Lost mutation: A frigid envelope surrounds you and freezes
                  | all who hurt you. [Xom's mischief]
 29474 | Vaults:1 | Lost mutation: Your spells are harder to cast, but more
                  | powerful. [Xom's mischief]
 29474 | Vaults:1 | Lost mutation: You possess an exceptional clarity of mind.
                  | [Xom's mischief]
 29474 | Vaults:1 | Lost mutation: You have sharp toenails. [Xom's mischief]
 29506 | Vaults:1 | XOM: fog
 29512 | Vaults:1 | Reached XP level 19. HP: 94/247 MP: 17/17
 29614 | Vaults:1 | XOM: 1-stop teleportation journey
 29631 | Vaults:1 | XOM: confusion (+ monsters)
 29819 | Vaults:1 | XOM: stat loss: -1 Dex (10/11)
 30313 | Vaults:3 | XOM: 2-stop teleportation journey
 30361 | Vaults:3 | XOM: summons friendly iron imp
 30434 | Vaults:3 | XOM: cast spell 'Summon Small Mammal'
 30435 | Vaults:3 | XOM: smoke on damage
 30488 | Vaults:3 | Reached skill level 20 in Unarmed Combat
 30550 | Vaults:3 | XOM: scenery: 1 doors open, 1 doors close
 30680 | Vaults:3 | XOM: summons friendly crimson imp
 30696 | Vaults:3 | Reached skill level 10 in Armour
 30738 | Vaults:3 | XOM: enchant monster (good)
 30772 | Vaults:3 | Found a staircase to the Crypt.
 31531 | Vaults:4 | XOM: potion effect (invisibility)
 31962 | Vaults:4 | XOM: enchant monster (bad)
 32079 | Vaults:4 | XOM: 7-stop teleportation journey
 32098 | Vaults:4 | XOM: enchant monster (bad)
 32205 | Vaults:4 | Reached XP level 20. HP: 262/262 MP: 18/18
 32206 | Vaults:4 | Reached XP level 21. HP: 273/273 MP: 19/19
 32269 | Vaults:4 | XOM: silly message
 32278 | Vaults:4 | XOM: enchant monster (bad)
 32352 | Vaults:4 | XOM is BORED!
 32512 | Vaults:4 | XOM: 1-stop teleportation journey
 32638 | Vaults:4 | XOM: fog
 32771 | Vaults:4 | XOM: confuse monster(s)
 32774 | Vaults:4 | XOM: enchant monster (good)
 32783 | Vaults:4 | XOM: potion effect (brilliance)
 33126 | Crypt:1  | Entered Level 1 of the Crypt
 33375 | D:14     | Bought +0 fire dragon scales for 780 gold pieces
 33379 | D:14     | XOM: 3-stop teleportation journey
 33571 | Crypt:1  | XOM: 2-stop teleportation journey
 33703 | Crypt:1  | Identified the ring "Uzuijismont" {Ice Int+6 SInv}
 33703 | Crypt:1  | Noticed Josephina
 33734 | Crypt:1  | Killed Josephina
 33735 | Crypt:1  | Reached skill level 21 in Unarmed Combat
 33750 | Crypt:1  | XOM: god gift: 20 gold pieces
 33915 | Crypt:1  | Noticed Boris
 33934 | Crypt:1  | Killed Boris
 34591 | Crypt:2  | XOM: noise
 34593 | Crypt:2  | XOM: cast spell 'Monstrous Menagerie'
 34599 | Crypt:2  | Reached XP level 22. HP: 209/279 MP: 20/20
 34623 | Crypt:2  | XOM: confuse monster(s)
 34640 | Crypt:2  | XOM: cast spell 'Metabolic Englaciation'
 34788 | Crypt:2  | XOM: 2-stop teleportation journey
 34844 | Crypt:2  | Reached skill level 15 in Shields
 34895 | Crypt:2  | XOM: summons 2 hostile shadow creatures
 35072 | Crypt:2  | XOM: blink monster(s)
 35073 | Crypt:2  | XOM: give mutations
 35073 | Crypt:2  | Lost mutation: You occasionally lose the ability to drink
                  | potions when taking damage. [Xom's mischief]
 35073 | Crypt:2  | Lost mutation: You are somewhat resistant to further
                  | mutation. [Xom's mischief]
 35073 | Crypt:2  | Lost mutation: You are agile. (Dex +4, Str/Int -1) [Xom's
                  | mischief]
 35073 | Crypt:2  | Lost mutation: You occasionally shout uncontrollably at
                  | your foes. [Xom's mischief]
 35090 | Crypt:2  | Noticed a dread lich
 35103 | Crypt:2  | Killed a dread lich
 35224 | Crypt:2  | Found the +6 Majin-Bo {spellvamp, MP+6 Int+6}
 35460 | Crypt:2  | XOM: give mutations
 35460 | Crypt:2  | Gained mutation: Your flesh is cold resistant. (rC+) [Xom's
                  | mischief]
 35460 | Crypt:2  | Lost mutation: You are partially covered in large bone
                  | plates. (SH +4) [Xom's mischief]
 35539 | Crypt:3  | Entered Level 3 of the Crypt
 35929 | Crypt:3  | Found a basalt altar of Yredelemnul.
 35940 | Crypt:3  | Found a staircase to the Tomb.
 36024 | Crypt:3  | Identified the +4 whip "Urioqic" {speed, Dex+3}
 36192 | Crypt:3  | Found a huge runed gate.
 36192 | Crypt:3  | Found a huge runed gate.
 36192 | Crypt:3  | Found a huge runed gate.
 36192 | Crypt:3  | Found a huge runed gate.
 36192 | Crypt:3  | Found a huge runed gate.
 36193 | Crypt:3  | Found a huge runed gate.
 36212 | Crypt:3  | XOM: summons friendly shadow imp
 36224 | Crypt:3  | Found a huge runed gate.
 36224 | Crypt:3  | Found a huge runed gate.
 36224 | Crypt:3  | Found a huge runed gate.
 36224 | Crypt:3  | Found a huge runed gate.
 36224 | Crypt:3  | Found a huge runed gate.
 36238 | Crypt:3  | Noticed a dread lich
 36238 | Crypt:3  | Noticed an ancient lich
 36238 | Crypt:3  | Noticed a dread lich
 36238 | Crypt:3  | Noticed an ancient lich
 36243 | Crypt:3  | XOM: summons friendly white imp
 36354 | Crypt:3  | XOM: divination: detect creatures
 36402 | Crypt:3  | XOM: cleaving
 36403 | Crypt:3  | XOM: divination: detect items
 36450 | Crypt:3  | XOM: potion effect (heal wounds)
 36462 | Crypt:3  | Killed an ancient lich
 36570 | Crypt:3  | XOM: silly message
 36583 | Crypt:3  | XOM: divination: magic mapping
 36584 | Crypt:3  | Killed a dread lich
 36597 | Crypt:3  | XOM: cast spell 'Call Canine Familiar'
 36601 | Crypt:3  | XOM: 3-stop teleportation journey
 36860 | Crypt:3  | XOM: confuse monster(s)
 36865 | Crypt:3  | Killed a dread lich
 36926 | Crypt:3  | Killed an ancient lich
 37049 | Crypt:3  | XOM: scenery: create altars
 37058 | Crypt:3  | Reached skill level 22 in Unarmed Combat
 37089 | Crypt:3  | XOM: cleaving
 37101 | Crypt:3  | XOM: cast spell 'Olgreb's Toxic Radiance'
 37102 | Crypt:3  | XOM: confuse monster(s)
 37241 | Crypt:3  | XOM: noise
 37349 | Crypt:3  | Found an ancient bone altar of Kikubaaqudgha.
 37394 | Crypt:3  | XOM: 9-stop teleportation journey
 37397 | Crypt:3  | XOM: swap monsters
 37408 | Crypt:3  | Identified the staff of death "Joyg" {rPois rN+ Dex+2 SInv}
 37487 | Crypt:3  | XOM: 1-stop teleportation journey
 37584 | Crypt:3  | XOM: summons friendly white imp
 37589 | Crypt:3  | XOM: divination: magic mapping
 37602 | Crypt:3  | XOM: divination: detect creatures
 37649 | Crypt:3  | Identified the ring of Okluatyt {rN+ Will+ Int+5}
 37649 | Crypt:3  | Identified the ring "Kouzopal" {rC+ rN+ Str+2}
 37710 | Crypt:3  | XOM: give mutations
 37710 | Crypt:3  | Gained mutation: Your body sometimes deteriorates upon
                  | taking damage. [Xom's mischief]
 37710 | Crypt:3  | Gained mutation: Armour fits poorly on your strangely
                  | shaped body. [Xom's mischief]
 37710 | Crypt:3  | Lost mutation: Armour fits poorly on your strangely shaped
                  | body. [Xom's mischief]
 37710 | Crypt:3  | Lost mutation: You are very robust. (+20% HP) [Xom's
                  | mischief]
 37809 | Crypt:3  | Reached XP level 23. HP: 277/277 MP: 21/21
 37809 | Crypt:3  | XOM: destruction
 37822 | Crypt:3  | XOM: give mutations
 37822 | Crypt:3  | Gained mutation: You are very robust. (+20% HP) [Xom's
                  | mischief]
 37822 | Crypt:3  | Lost mutation: Your muscles are very strong. (Str +8,
                  | Int/Dex -2) [Xom's mischief]
 38352 | Elf:1    | Entered Level 1 of the Elven Halls
 38561 | Elf:1    | XOM: swap monsters
 38627 | Elf:1    | Found Nylejac's Distillery.
 38637 | Elf:1    | Bought 2 potions of resistance for 240 gold pieces
 38637 | Elf:1    | Bought a potion of haste for 120 gold pieces
 38637 | Elf:1    | Bought a potion of heal wounds for 60 gold pieces
 38643 | Elf:1    | Bought a potion of might for 48 gold pieces
 38643 | Elf:1    | Bought a potion of might for 48 gold pieces
 38643 | Elf:1    | Bought a potion of curing for 36 gold pieces
 38955 | Elf:1    | XOM: noise
 38968 | Elf:1    | Found a runed translucent gate.
 38968 | Elf:1    | Found a runed translucent gate.
 38968 | Elf:1    | Found a runed translucent gate.
 38968 | Elf:1    | Found a runed translucent gate.
 38968 | Elf:1    | Found a runed translucent gate.
 38973 | Elf:1    | Found a runed translucent gate.
 39057 | Elf:1    | XOM: potion effect (might)
 39230 | Elf:1    | XOM: enchant monster (good)
 39456 | Elf:2    | Found a runed translucent door.
 39456 | Elf:2    | Found a shimmering altar of Xom.
 39456 | Elf:2    | Noticed rrossfarrar's ghost (adept FeBe)
 39582 | Elf:2    | Found a runed translucent gate.
 39585 | Elf:2    | Found a runed translucent gate.
 39585 | Elf:2    | Found a runed translucent gate.
 39619 | Elf:2    | XOM: fog
 39661 | Elf:2    | XOM: summons 4 friendly demons
 39950 | Elf:2    | XOM: 1-stop teleportation journey
 40054 | Elf:2    | XOM: 5-stop teleportation journey
 40055 | Elf:2    | XOM: swap monsters
 40058 | Elf:2    | XOM: confusion
 40062 | Elf:2    | XOM: noise
 40067 | Elf:2    | XOM: enchant monster (good)
 40069 | Elf:2    | XOM: polymorph deep elf zephyrmancer -> dream sheep
 40076 | Elf:2    | XOM: cast spell 'Summon Small Mammal'
 40341 | Elf:2    | Reached skill level 23 in Unarmed Combat
 40354 | Elf:2    | XOM: divination: magic mapping
 40451 | Elf:2    | XOM: scenery: create altars
 40479 | Elf:2    | XOM: god gift: scroll of brand weapon
 40619 | Elf:3    | Entered Level 3 of the Elven Halls
 40626 | Elf:3    | Noticed Asterion
 40636 | Elf:3    | Killed Asterion
 40878 | Elf:3    | XOM: scenery: 1 doors open, 3 doors close
 41192 | Elf:3    | Noticed Louise
 41200 | Elf:3    | Killed Louise
 41239 | Elf:3    | XOM: confuse monster(s)
 41462 | Elf:3    | Identified the ring of Xom's Attic {rPois rC+ Str-2 Slay+3}
 41680 | Elf:3    | XOM: god gift: battleaxe {god gift}
 41710 | Elf:3    | Identified the +5 scale mail "Wesionu Edec" {rC+ Will+++
                  | Str-5 SInv}
 41710 | Elf:3    | Identified the ring of Pulux {Ice Int+2 SInv}
 41729 | Elf:3    | XOM: confuse monster(s)
 41731 | Elf:3    | XOM: butterfly on damage
 41733 | Elf:3    | XOM: smoke on damage
 41746 | Elf:3    | XOM: fog
 41801 | Elf:3    | Identified the amulet "Kepeat" {RegenMP Will+}
 42060 | Elf:3    | Found the +0 mask of the Dragon {Will+ Slay+3 SInv}
 42062 | Elf:3    | Got the Secrets of the Blizzard and Incandescence
 42068 | Elf:3    | Identified the +5 arbalest "Sixtium" {freeze, rElec Str+3
                  | Stlth+}
 42095 | Elf:3    | Identified the +0 chain mail of the Black Skies {rC+
                  | Regen+}
 42097 | Elf:3    | Identified the staff of death "Rygingeqeg" {rElec rN+
                  | Int+2}
 42123 | Elf:3    | Identified the staff of death "Maavyi" {rF+ rN+}
 42426 | Elf:2    | Identified the +6 quarterstaff "Eceub" {chaos, Will+ Dex+3}
 42485 | Orc:2    | XOM: summons 8 hostile demons
 42679 | Spider:1 | Entered Level 1 of the Spider Nest
 42788 | Spider:1 | Noticed iishen's ghost (adept CeHu)
 42789 | Spider:1 | Found a runed translucent door.
 42848 | Spider:1 | XOM: divination: detect creatures
 43105 | Spider:1 | XOM: destruction
 43508 | Spider:1 | XOM: noise
 43998 | Spider:1 | Killed iishen's ghost
 44039 | Spider:1 | Reached XP level 24. HP: 297/309 MP: 21/21
 44098 | Spider:2 | XOM: silly message
 44114 | Spider:2 | XOM: polymorph orb spider -> wolf spider
 44328 | Spider:2 | Noticed Kirke
 44339 | Spider:2 | Noticed Arachne
 44340 | Spider:2 | Killed Kirke
 44359 | Spider:2 | Killed Arachne
 44512 | Spider:2 | XOM: cloud trail
 44544 | Spider:2 | XOM: divination: detect items
 44588 | Spider:2 | XOM: noise
 44592 | Spider:2 | XOM: summons friendly smoke demon
 44708 | Spider:2 | XOM: give mutations
 44708 | Spider:2 | Gained mutation: You are agile. (Dex +4, Str/Int -1) [Xom's
                  | grace]
 44708 | Spider:2 | Gained mutation: You passively map a small area around you.
                  | [Xom's grace]
 45120 | Spider:2 | XOM: potion effect (might)
 45222 | Spider:2 | XOM: cloud trail
 45230 | Spider:2 | XOM: confusion (+ monsters)
 45687 | Spider:3 | Identified the +5 battleaxe of Anguish {holy, rCorr MP+9
                  | Str-5}
 45738 | Spider:3 | XOM: silly message
 45849 | Spider:3 | XOM: confuse monster(s)
 45981 | Spider:3 | Learned a level 6 spell: Statue Form
 46224 | Spider:4 | Entered Level 4 of the Spider Nest
 46235 | Spider:3 | Reached skill level 1 in Transmutations
 46290 | Spider:4 | XOM: divination: detect creatures
 46412 | Spider:4 | XOM: potion effect (invisibility)
 46461 | Spider:4 | XOM: silly message
 46633 | Spider:4 | XOM: give mutation
 46633 | Spider:4 | Gained mutation: You are strong-willed. (Will+) [Xom's
                  | grace]
 46683 | Spider:4 | XOM: cloud trail
 46687 | Spider:4 | XOM: 4-stop teleportation journey
 46714 | Spider:4 | XOM: enchant monster (good)
 46769 | Spider:4 | XOM: destruction
 46904 | Spider:4 | XOM: silly message
 46928 | Spider:4 | XOM: potion effect (might)
 46956 | Spider:4 | Got a gossamer rune of Zot
 47034 | Spider:4 | XOM: give mutation
 47034 | Spider:4 | Lost mutation: You are very robust. (+20% HP) [Xom's
                  | mischief]
 47433 | Lair:1   | Reached skill level 24 in Unarmed Combat
 47433 | Lair:1   | Reached XP level 25. HP: 302/302 MP: 21/21
 47566 | Depths:1 | Entered Level 1 of the Depths
 47569 | Depths:1 | Found a runed translucent gate.
 47570 | Depths:1 | Found a runed translucent gate.
 47572 | Depths:1 | Found a runed translucent gate.
 47572 | Depths:1 | Noticed Jyecw's ghost (veteran MiFi)
 47572 | Depths:1 | Noticed frimble's ghost (adept DsGl)
 47572 | Depths:1 | Noticed Lyckin's ghost (adept DjFi)
 47573 | Depths:1 | Noticed Kabe's ghost (veteran BaIE)
 47573 | Depths:1 | Noticed Ubraesch's ghost (adept TrMo)
 47603 | Depths:1 | XOM: cleaving
 47754 | Depths:1 | XOM: blink monster(s)
 47756 | Depths:1 | XOM: give mutations
 47756 | Depths:1 | Lost mutation: Your muscles are strong. (Str +4, Int/Dex
                  | -1) [Xom's mischief]
 47756 | Depths:1 | Lost mutation: Your magical capacity is very low. (-20% MP)
                  | [Xom's mischief]
 47756 | Depths:1 | Lost mutation: You are agile. (Dex +4, Str/Int -1) [Xom's
                  | mischief]
 47756 | Depths:1 | Lost mutation: Your magical capacity is low. (-10% MP)
                  | [Xom's mischief]
 47949 | Depths:1 | Found a gateway to Hell.
 47952 | Depths:1 | Noticed Mara
 47981 | Depths:1 | XOM: polymorph hell hog -> rakshasa
 48090 | Depths:1 | Noticed UglyThing's illusion
 48090 | Depths:1 | Killed Mara
 48124 | Depths:1 | Reached skill level 10 in Earth Magic
 48156 | Depths:1 | XOM: confuse monster(s)
 48239 | Depths:1 | Found a white marble altar of Elyvilon.
 48693 | Depths:1 | XOM: give mutations
 48693 | Depths:1 | Gained mutation: You are partially covered in iridescent
                  | scales. (AC +2) [Xom's grace]
 48693 | Depths:1 | Gained mutation: Your muscles are strong. (Str +4, Int/Dex
                  | -1) [Xom's grace]
 48693 | Depths:1 | Gained mutation: You are very robust. (+20% HP) [Xom's
                  | grace]
 48800 | Depths:1 | XOM: summons 4 friendly demons
 48807 | Depths:1 | XOM: polymorph iron imp -> white imp
 48815 | Depths:1 | XOM: polymorph white imp -> iron imp
 48820 | Depths:1 | XOM: summons 2 friendly demons
 48825 | Depths:1 | XOM: silly message
 48832 | Depths:1 | XOM: confuse monster(s)
 48839 | Depths:1 | Killed Kabe's ghost
 48843 | Depths:1 | XOM: enchant monster (bad)
 48846 | Depths:1 | Killed Lyckin's ghost
 48851 | Depths:1 | XOM: silly message
 48852 | Depths:1 | Killed Ubraesch's ghost
 48864 | Depths:1 | Killed Jyecw's ghost
 48974 | Depths:1 | Killed frimble's ghost
 48992 | Depths:1 | Identified the ring "Hyun" {Drain Will+ Slay+4}
 49187 | Depths:2 | XOM: enchant monster (good)
 49207 | Depths:2 | Found a one-way gate leading to the halls of Pandemonium.
 49207 | Depths:2 | XOM: 2-stop teleportation journey
 49227 | Depths:2 | XOM: summons 3 friendly demons
 49413 | Depths:2 | Acquired 970 gold pieces
 49552 | Depths:2 | Found a one-way gate to the infinite horrors of the Abyss.
 49552 | Depths:2 | XOM: cast spell 'Alistair's Intoxication'
 49695 | Depths:2 | XOM: give mutations
 49695 | Depths:2 | Gained mutation: You are partially covered in large bone
                  | plates. (SH +4) [Xom's grace]
 49695 | Depths:2 | Gained mutation: A frigid envelope surrounds you and
                  | freezes all who hurt you. [Xom's grace]
 49739 | Depths:2 | Reached XP level 26. HP: 343/343 MP: 28/28
 49745 | Depths:2 | XOM: silly message
 49824 | Depths:2 | Noticed Boris
 49842 | Depths:2 | Killed Boris
 49873 | Depths:2 | XOM: scenery: create altars
 49898 | Depths:2 | XOM: summons 1 hostile demon
 50041 | Depths:2 | XOM: summons 3 hostile demons
 50132 | Depths:2 | Identified the +3 dagger "Osioduiff" {freeze, rC++}
 50210 | Depths:2 | XOM: blink monster(s)
 50246 | Depths:2 | Identified the amulet of Rugew {Reflect rN+ Regen+ SH+5}
 50256 | Depths:2 | XOM: confusion
 50276 | Depths:2 | Reached skill level 5 in Spellcasting
 50930 | Depths:2 | XOM: give mutations
 50930 | Depths:2 | Lost mutation: Your spells are a little harder to cast, but
                  | a little more powerful. [Xom's mischief]
 50930 | Depths:2 | Lost mutation: Your flesh is cold resistant. (rC+) [Xom's
                  | mischief]
 50930 | Depths:2 | Lost mutation: You are strong-willed. (Will+) [Xom's
                  | mischief]
 50930 | Depths:2 | Gained mutation: You have hidden genetic defects. [Xom's
                  | mischief]
 50932 | Depths:2 | XOM: god gift: 320 gold pieces
 50955 | Depths:1 | Identified the +4 quarterstaff "Volujeas" {venom, rPois
                  | rF+}
 51272 | Depths:3 | XOM: potion effect (invisibility)
 51278 | Depths:3 | XOM: polymorph shadow dragon -> fire giant
 51285 | Depths:3 | Reached skill level 5 in Transmutations
 51301 | Depths:3 | XOM: god gift: staff of earth
 51325 | Depths:3 | Noticed a juggernaut
 51343 | Depths:3 | Killed a juggernaut
 51356 | Depths:3 | XOM: potion effect (berserk rage)
 51541 | Depths:3 | XOM: confuse monster(s)
 51818 | Depths:3 | XOM: scenery: 1 doors open
 52046 | Depths:3 | XOM: god gift: wand of polymorph (5)
 52149 | Depths:3 | Found Kukidy's Weapon Shop.
 52449 | Depths:3 | XOM: silly message
 52487 | Depths:3 | XOM: god gift: 2 stones
 52494 | Depths:4 | Entered Level 4 of the Depths
 52568 | Depths:4 | XOM: enchant monster (bad)
 52583 | Depths:4 | XOM: silly message
 52588 | Depths:4 | Gained mutation: Your spells are a little easier to cast,
                  | but a little less powerful. [hidden defects]
 52710 | Depths:4 | XOM: polymorph black draconian -> azure jelly
 52931 | Depths:4 | XOM: torment (188/345 hp)
 52932 | Depths:4 | XOM: chaos upgrade
 52933 | Depths:4 | XOM: give mutations
 52933 | Depths:4 | Gained mutation: You are dopey. (Int -2) [Xom's mischief]
 52933 | Depths:4 | Gained mutation: You sometimes lose your temper in combat.
                  | [Xom's mischief]
 52933 | Depths:4 | Gained mutation: Your body often deteriorates upon taking
                  | damage. [Xom's mischief]
 52965 | Depths:4 | Found a gate to the Realm of Zot.
 53164 | Depths:4 | XOM: blink monster(s)
 53169 | Depths:4 | XOM: potion effect (invisibility)
 53170 | Depths:4 | XOM: summons friendly shadow imp
 53184 | Depths:4 | XOM: scenery: summon butterflies
 53233 | Depths:4 | Found a one-way gateway to a ziggurat.
 53241 | Depths:4 | XOM: noise
 53242 | Depths:4 | XOM: summons 3 friendly demons
 53473 | Depths:4 | Found a shadowy altar of Dithmenos.
 53642 | Depths:4 | XOM: god gift: 61 gold pieces
 53829 | Depths:4 | Acquired a manual of Transmutations
 54225 | Vaults:5 | Entered Level 5 of the Vaults
 54241 | Vaults:4 | XOM: confuse monster(s)
 54253 | Vaults:5 | XOM: summons 2 friendly demons
 54268 | Vaults:4 | XOM: silly message
 54273 | Vaults:4 | Lost mutation: Your muscles are strong. (Str +4, Int/Dex
                  | -1) [hidden defects]
 54273 | Vaults:4 | Lost mutation: You have hidden genetic defects. [hidden
                  | defects expressed]
 54370 | Vaults:5 | Noticed Xtahua
 54384 | Vaults:4 | XOM: destruction
 54477 | Vaults:4 | XOM: summons friendly shadow imp
 54488 | Vaults:4 | XOM: summons 2 friendly demons
 54675 | Vaults:5 | Killed Xtahua
 54695 | Vaults:5 | XOM: summons friendly white imp
 54811 | Vaults:4 | XOM: potion effect (heal wounds)
 54814 | Vaults:4 | XOM: confuse monster(s)
 54817 | Vaults:4 | XOM: enchant monster (good)
 54826 | Vaults:4 | XOM: god gift: 32 gold pieces
 54877 | Vaults:5 | XOM: confuse monster(s)
 54883 | Vaults:5 | XOM: polymorph red very ugly thing -> purple very ugly
                  | thing
 54904 | Vaults:5 | XOM: summons friendly shadow imp
 55029 | Vaults:5 | Reached skill level 25 in Unarmed Combat
 55090 | Vaults:4 | Reached XP level 27. HP: 319/355 MP: 31/31
 55168 | Vaults:5 | XOM: summons friendly crimson imp
 55172 | Vaults:5 | Noticed Saint Roka
 55178 | Vaults:5 | Identified the +7 ring mail of the Cockroach {rPois rF++
                  | Str-4 Dex+2}
 55188 | Vaults:5 | XOM: potion effect (might)
 55224 | Vaults:5 | XOM: confuse monster(s)
 55230 | Vaults:5 | XOM: divine lightning
 55242 | Vaults:5 | XOM: scenery: summon butterflies
 55243 | Vaults:5 | XOM: polymorph butterfly -> gnoll
 55259 | Vaults:5 | XOM: divine lightning
 55265 | Vaults:5 | Killed Saint Roka
 55267 | Vaults:5 | XOM: cleaving
 55315 | Vaults:5 | XOM: polymorph iron dragon -> iron giant
 55317 | Vaults:5 | XOM: summons friendly white imp
 55318 | Vaults:5 | XOM: confuse monster(s)
 55320 | Vaults:5 | XOM: summons friendly crimson imp
 55329 | Vaults:5 | Noticed a dread lich
 55340 | Vaults:5 | Killed a dread lich
 55759 | Vaults:5 | Got a silver rune of Zot
 55775 | Vaults:5 | Noticed a dread lich
 55777 | Vaults:5 | XOM: enchant monster (good)
 55784 | Vaults:5 | Killed a dread lich
 55921 | Vaults:5 | XOM: potion effect (invisibility)
 56446 | Vaults:5 | XOM: polymorph quicksilver dragon -> alligator snapping
                  | turtle
 56531 | Vaults:5 | Identified the +6 war axe "Wobaec" {protect, +Blink Dex+7}
 56578 | Vaults:5 | Identified the +4 lajatang "Dragonslayer" {antimagic, rF+
                  | Int+5}
 56578 | Vaults:5 | Identified the +9 shortbow of Otominen {speed, rC+ rN+++
                  | rCorr Str-4}
 56609 | Vaults:5 | Identified the +1 glaive "Jotiem" {antimagic, rCorr Int+2
                  | Stlth+}
 56699 | Vaults:5 | Identified the staff of poison "Iruomauh" {rPois rN++}
 57135 | Temple   | XOM: noise
 57135 | Temple   | Entered the Ecumenical Temple
 57290 | D:11     | XOM: divination: magic mapping
 57312 | D:11     | You paid a toll of +2 gold dragon scales to enter a
                  | treasure trove
 57313 | Trove    | Entered a treasure trove
 57332 | Trove    | Got the Vademecum on Calefaction and Production
 57335 | Trove    | Got the Enchiridion on the Impact
 57351 | Trove    | Got Sif Muna's Cyclopedia of Planar Fascination
 57364 | Trove    | Got Zak Amen's Vademecum on Transmutation and the Crater
 57367 | Trove    | Got Veqiupp's Meditations on Erosion and Hexing
 57682 | Depths:4 | XOM: god gift: potion of haste
 57737 | Zot:1    | Entered Level 1 of the Realm of Zot
 57972 | Zot:1    | XOM: silly message
 58004 | Zot:1    | XOM: butterfly on damage
 58037 | Zot:1    | XOM: cleaving
 58062 | Zot:1    | XOM: stat loss: -1 Dex (3/9)
 58379 | Depths:1 | XOM: give mutation
 58379 | Depths:1 | Gained mutation: You expend magic power (3 MP) to
                  | strengthen your wands. [Xom's grace]
 58451 | D:13     | XOM: give mutations
 58451 | D:13     | Lost mutation: Your system is resistant to poisons. (rPois)
                  | [Xom's mischief]
 58451 | D:13     | Lost mutation: You are partially covered in large bone
                  | plates. (SH +4) [Xom's mischief]
 58451 | D:13     | Lost mutation: A frigid envelope surrounds you and freezes
                  | all who hurt you. [Xom's mischief]
 58451 | D:13     | Lost mutation: You passively map a small area around you.
                  | [Xom's mischief]
 58455 | D:13     | XOM: summons 1 hostile demon
 58554 | Vaults:4 | XOM: scenery: summon butterflies
 58614 | Vaults:5 | XOM: give mutations
 58614 | Vaults:5 | Gained mutation: You have a pair of small horns on your
                  | head. [Xom's grace]
 58614 | Vaults:5 | Gained mutation: You are extremely robust. (+30% HP) [Xom's
                  | grace]
 58614 | Vaults:5 | Gained mutation: Your muscles are strong. (Str +4, Int/Dex
                  | -1) [Xom's grace]
 58614 | Vaults:5 | Gained mutation: Your muscles are very strong. (Str +8,
                  | Int/Dex -2) [Xom's grace]
 58808 | D:13     | XOM: god gift: scroll of silence
 58855 | Depths:1 | XOM: give mutations
 58855 | Depths:1 | Lost mutation: Your muscles are very strong. (Str +8,
                  | Int/Dex -2) [Xom's mischief]
 58855 | Depths:1 | Lost mutation: Your body often deteriorates upon taking
                  | damage. [Xom's mischief]
 58855 | Depths:1 | Lost mutation: Your body sometimes deteriorates upon taking
                  | damage. [Xom's mischief]
 59130 | Depths:4 | XOM: give mutations
 59130 | Depths:4 | Gained mutation: Your movements are slightly less
                  | encumbered by armour. (ER -2) [Xom's grace]
 59130 | Depths:4 | Gained mutation: Your muscles are very strong. (Str +8,
                  | Int/Dex -2) [Xom's grace]
 59130 | Depths:4 | Gained mutation: You have a pair of horns on your head.
                  | [Xom's grace]
 59130 | Depths:4 | Lost mutation: You sometimes lose your temper in combat.
                  | [Xom's grace]
 59236 | Zot:1    | Lost mutation: Your spells are a little easier to cast, but
                  | a little less powerful. [potion of mutation]
 59236 | Zot:1    | Lost mutation: You are dopey. (Int -2) [potion of mutation]
 59236 | Zot:1    | Lost mutation: Your movements are slightly less encumbered
                  | by armour. (ER -2) [potion of mutation]
 59236 | Zot:1    | Gained mutation: You have large cloven feet. [potion of
                  | mutation]
 59236 | Zot:1    | Gained mutation: You are resistant to electric shocks.
                  | (rElec) [potion of mutation]
 59339 | Zot:1    | Reached skill level 10 in Transmutations
 59368 | Zot:1    | XOM: blink monster(s)
 59370 | Zot:1    | XOM: confuse monster(s)
 59375 | Zot:1    | XOM: summons friendly crimson imp
 59395 | Zot:1    | XOM: summons friendly white imp
 59398 | Zot:1    | XOM: 2-stop teleportation journey
 59406 | Zot:1    | XOM: chaos upgrade
 59418 | Zot:1    | XOM: summons 11 friendly demons
 59429 | Zot:1    | XOM: scenery: summon butterflies
 59502 | Zot:1    | XOM: confuse monster(s)
 59582 | Zot:1    | XOM: polymorph yellow draconian -> shapeshifter
 59593 | Zot:1    | XOM: smoke on damage
 59622 | Zot:1    | XOM: potion effect (haste)
 59867 | Zot:1    | XOM: divination: detect items
 60062 | Zot:1    | XOM: god gift: 4 gold pieces
 60146 | Zot:1    | Found a runed translucent gate.
 60147 | Zot:1    | Found a runed translucent gate.
 60147 | Zot:1    | Found an opulent altar of Gozag.
 60148 | Zot:1    | Found a runed translucent gate.
 60150 | Zot:1    | Noticed Urrumaza's ghost (master MfBe)
 60354 | Zot:1    | XOM: noise
 60389 | Zot:2    | Noticed Parghit
 60422 | Zot:2    | Killed Parghit
 60490 | Zot:1    | XOM: silly message
 60497 | Zot:1    | XOM: god gift: wand of mindburst (12)
 60543 | Zot:2    | Found the +4 dragonskin cloak
 60543 | Zot:2    | Noticed Tiamat
 60621 | Zot:2    | XOM: potion effect (curing)
 60624 | Zot:2    | XOM: silly message
 60628 | Zot:2    | XOM: noise
 60730 | Zot:2    | XOM: cast spell 'Cause Fear'
 60732 | Zot:2    | XOM: cast spell 'Summon Small Mammal'
 60741 | Zot:2    | Killed Tiamat
 60746 | Zot:2    | Reached skill level 26 in Unarmed Combat
 61240 | Zot:3    | XOM: silly message
 61532 | Zot:3    | XOM: 3-stop teleportation journey
 61533 | Zot:3    | XOM: potion effect (haste)
 61701 | Zot:3    | Noticed an orb of fire
 61707 | Zot:3    | Killed an orb of fire
 61981 | Zot:3    | XOM: 2-stop teleportation journey
 62255 | Zot:3    | XOM: chaos upgrade
 62262 | Zot:3    | XOM: divine lightning
 62616 | Zot:4    | XOM: give mutations
 62616 | Zot:4    | Lost mutation: You expend magic power (3 MP) to strengthen
                  | your wands. [Xom's mischief]
 62616 | Zot:4    | Lost mutation: Your muscles are very strong. (Str +8,
                  | Int/Dex -2) [Xom's mischief]
 62616 | Zot:4    | Gained mutation: Your body sometimes deteriorates upon
                  | taking damage. [Xom's mischief]
 62616 | Zot:4    | Lost mutation: Your body sometimes deteriorates upon taking
                  | damage. [Xom's mischief]
 62661 | Zot:4    | XOM: swap monsters
 62820 | Zot:4    | XOM: noise
 62891 | Zot:4    | XOM: fake destruction
 62914 | Zot:4    | XOM: destruction
 63161 | Zot:4    | Found the +8 frozen axe "Frostbite" {freeze, freezing
                  | cloud, *Noise Fly rC+}
 63165 | Zot:4    | XOM: confusion
 63360 | Zot:4    | XOM: draining
 63478 | Zot:5    | Entered Level 5 of the Realm of Zot
 63492 | Zot:5    | XOM: give mutations
 63492 | Zot:5    | Lost mutation: You are resistant to electric shocks.
                  | (rElec) [Xom's mischief]
 63492 | Zot:5    | Lost mutation: Your muscles are strong. (Str +4, Int/Dex
                  | -1) [Xom's mischief]
 63492 | Zot:5    | Lost mutation: You have large cloven feet. [Xom's mischief]
 63492 | Zot:5    | Lost mutation: You are partially covered in iridescent
                  | scales. (AC +2) [Xom's mischief]
 63507 | Zot:5    | XOM: fog
 63508 | Zot:5    | XOM: polymorph shadow dragon -> acid blob
 63512 | Zot:5    | XOM: blink monster(s)
 63535 | Zot:4    | XOM: give mutation
 63535 | Zot:4    | Gained mutation: Your spells are a little easier to cast,
                  | but a little less powerful. [Xom's mischief]
 63583 | Zot:5    | XOM: 1-stop teleportation journey
 63634 | Zot:5    | XOM: blink monster(s)
 63642 | Zot:5    | XOM: cast spell 'Alistair's Intoxication'
 63644 | Zot:5    | XOM: enchant monster (good)
 63699 | Zot:5    | XOM: summons friendly crimson imp
 63781 | Zot:5    | XOM: give mutation
 63781 | Zot:5    | Gained mutation: You are partially covered in iridescent
                  | scales. (AC +2) [Xom's grace]
 63788 | Zot:5    | XOM: silly message
 63800 | Zot:5    | XOM: enchant monster (good)
 63804 | Zot:5    | Identified the +6 scale mail "Zadoec" {Rampage rF+}
 63821 | Zot:5    | Noticed an orb of fire
 63821 | Zot:5    | Noticed a dread lich
 63821 | Zot:5    | Noticed a dread lich
 63821 | Zot:5    | Noticed a dread lich
 63821 | Zot:5    | XOM: 2-stop teleportation journey
 63822 | Zot:5    | Gained mutation: You occasionally lose the ability to drink
                  | potions when taking damage. [an orb of fire]
 63829 | Zot:5    | XOM: polymorph Orb Guardian -> Orb Guardian
 63834 | Zot:5    | XOM: summons friendly quasit
 64138 | Zot:5    | Killed a dread lich
 64244 | Zot:5    | XOM: give mutations
 64244 | Zot:5    | Gained mutation: You heal very quickly. [Xom's grace]
 64244 | Zot:5    | Gained mutation: You expend magic power (3 MP) to
                  | strengthen your wands. [Xom's grace]
 64244 | Zot:5    | Gained mutation: Your flesh is heat resistant. (rF+) [Xom's
                  | grace]
 64328 | Zot:5    | Gained mutation: Your body sometimes deteriorates upon
                  | taking damage. [an orb of fire]
 64329 | Zot:5    | Killed an orb of fire
 64330 | Zot:5    | Noticed an ancient lich
 64337 | Zot:5    | Killed a dread lich
 64340 | Zot:5    | Noticed an orb of fire
 64342 | Zot:5    | Killed an ancient lich
 64344 | Zot:5    | Noticed a dread lich
 64345 | Zot:5    | Noticed a dread lich
 64346 | Zot:5    | Gained mutation: You are clumsy. (Dex -2) [an orb of fire]
 64347 | Zot:5    | Killed an orb of fire
 64350 | Zot:5    | Noticed an orb of fire
 64357 | Zot:5    | Killed an orb of fire
 64361 | Zot:5    | XOM: divination: detect items
 64362 | Zot:5    | Killed a dread lich
 64365 | Zot:5    | XOM: enchant monster (bad)
 64368 | Zot:5    | Killed a dread lich
 64372 | Zot:5    | Noticed an ancient lich
 64388 | Zot:5    | XOM: noise
 64389 | Zot:5    | Reached skill level 27 in Unarmed Combat
 64392 | Zot:5    | Noticed a dread lich
 64394 | Zot:5    | Killed an ancient lich
 64397 | Zot:5    | Paralysed by a dread lich for 2 turns
 64400 | Zot:5    | Killed a dread lich
 64427 | Zot:5    | Noticed an ancient lich
 64433 | Zot:5    | Killed an ancient lich
 64606 | Zot:5    | XOM: cast spell 'Summon Hydra'
 64649 | Zot:5    | Reached skill level 15 in Earth Magic
 64653 | Zot:5    | XOM: swap monsters
 64947 | Zot:5    | Killed a dread lich
 64966 | Zot:5    | XOM: 1-stop teleportation journey
 64969 | Zot:5    | XOM: give mutations
 64969 | Zot:5    | Lost mutation: Your body sometimes deteriorates upon taking
                  | damage. [Xom's mischief]
 64969 | Zot:5    | Lost mutation: You have a pair of horns on your head.
                  | [Xom's mischief]
 64969 | Zot:5    | Gained mutation: Your flesh is very heat resistant. (rF++)
                  | [Xom's mischief]
 64969 | Zot:5    | Lost mutation: You are extremely robust. (+30% HP) [Xom's
                  | mischief]
 65063 | Zot:5    | XOM: give mutations
 65063 | Zot:5    | Lost mutation: Your flesh is very heat resistant. (rF++)
                  | [Xom's mischief]
 65063 | Zot:5    | Lost mutation: You expend magic power (3 MP) to strengthen
                  | your wands. [Xom's mischief]
 65303 | Zot:5    | Got the Orb of Zot
 65988 | D:$      | Escaped with the Orb!

Illustrated notes

Levels and vault maps discovered:
D:1:      ldierk_walled_garden, layout_rooms, shapermc_ecumenical_altar_petra
D:2:      layout_basic, basic_altar, uniq_robin, uniq_crazy_yiuf_cottage
D:3:      minmay_razor_zed, layout_basic, mainiacjoe_overflow_paths, minitemple,
          minmay_misc_feat_secret_circle, uniq_ijyb
D:4:      layout_loops_cross, trog_hazing_becter, serial_bayou_pond_d,
          uniq_blork_the_orc, uniq_duvessa
D:5:      due_chaos_kobolds, layout_basic, serial_shops, nicolae_shop_drivethru,
          uniq_grinder
D:6:      layout_basic, nicolae_nh_oracle_at_delphi, uniq_sigmund, uniq_menkaure
D:7:      layout_loops_ring, grunt_temple_overflow_open,
          minmay_temple_entry_wispy, serial_aquarium,
          aquarium_bridge_long_joined [aquarium_subvault_wall,
          aquarium_subvault_window, aquarium_subvault_bridge,
          aquarium_subvault_bridge, aquarium_subvault_wall,
          aquarium_subvault_wall], aquarium_bridge_straight
          [aquarium_subvault_bridge, aquarium_subvault_wall,
          aquarium_subvault_bridge, aquarium_subvault_wall], aquarium_window_1,
          aquarium_window_corner, aquarium_window_1, aquarium_window_1,
          aquarium_view_2d, aquarium_balcony_3a, grunt_ogre_cave
D:8:      layout_loops_ring, serial_shops, nicolae_shop_pleasant_corner_grove,
          grunt_ministairs_13, kennysheep_kite_vault
D:9:      layout_roguey, marbit_many_paths, lemuel_coloured_pillars_altar,
          nzn_random_ring, uniq_grum
D:10:     layout_basic, dpeg_oklobed_lair, enter_bailey_4, special_room
          [special_room_orc], minmay_protected_statue
D:11:     layout_loops_ring, david_orc_4, gauntlet_entry_generic, enter_trove_6,
          nicolae_transporter_intersection
D:12:     layout_stronghold, uniq_lodul
D:13:     layout_cave_pods, lightli_vaults_fourway_checkpoint,
          pdpol_wu_jian_five_deadly_venoms
D:14:     minmay_shoctagon, layout_basic, serial_shops, shop, shop, shop,
          tgw_lugonu_bribe
D:15:     grunt_enter_depths_hoard, layout_irregular_city, serial_glass,
          glass_columns_b, glass_columns_c, serial_shops,
          nicolae_shop_tiny_waterfront, minmay_misc_feat_four_crosses
Temple:   minmay_temple_curvy_branch
Lair:1:   layout_small_grid, portal_ice_cave_rime, st_stairs_7,
          beast_lair_carwin_7, uniq_maggie
Lair:2:   layout_misc_corridors, spider_nest_entry_a, basic_altar,
          grunt_megastairs_3, serial_bayou_shore_b, infiniplex_staircase_pool
Lair:3:   layout_hall_layers, nicolae_swamp_entry_splash_gauntlet,
          maelrawn_ghost_gauntlet_escape
Lair:4:   layout_loops_ring, serial_bayou_pond_b, dreamdust_wasp_nest
Lair:5:   hangedman_lair_tendril_chambers, layout_small_grid, slime_entry_1
Swamp:1:  layout_falls_marsh, hangedman_swamp_ruin_wall
Swamp:2:  layout_basic_swamp, serial_swamp_ruin, evilmike_swamp_ruin_house_3,
          hangedman_swamp_ruin_hall, swamp_pool3, uniq_frances
Swamp:3:  layout_falls_marsh, nicolae_swamp_decorative_isthmus, uniq_mlioglotl
Swamp:4:  swamp_old_school, layout_basic_swamp, swamp_pool2
Spider:1: layout_spider_delve, ebering_ghost_inner_flame
Spider:2: layout_chambers, uniq_arachne, uniq_kirke
Spider:3: layout_spider_delve
Spider:4: hellmonk_spider_rune_endless_swarm
Orc:1:    nicolae_orc_accident_2, layout_caves, basic_altar
Orc:2:    grunt_orc_tribal_feast, layout_caves
Elf:1:    minmay_elf_arrival_circle, layout_geoelf_diagonals, serial_shops,
          nicolae_shop_crystal, orc_legates, dk_noncrumbling_3,
          einodemon_crawler_minivault
Elf:2:    nicolae_elf_blades_crystal_corner, layout_geoelf_octagon,
          ebering_ghost_xom
Elf:3:    minmay_elf_hall_curves, layout_geoelf_castle, uniq_asterion,
          uniq_louise
Vaults:1: nicolae_vaults_little_squares_2, v_rooms_2,
          nicolae_vaults_wine_cellar, vaults_room_grunt_arrival_ludios,
          ontoclasm_vaults_loading_screen, nicolae_vaults_weapon_check,
          ontoclasm_vaults_tryst, v_rooms_4, nicolae_vaults_meiosis,
          layout_vaults_omnibox
Vaults:2: portal_desolation_entry_salt, v_rooms_5,
          nicolae_vaults_closet_pinwheel_1, emtedronai_trogs_sanctum,
          ontoclasm_vaults_decontamination, vaults_dpeg_diagonal,
          nicolae_vaults_house_1, hangedman_vaults_pinch, v_misc_5,
          nicolae_vaults_rhombus_5, ontoclasm_vaults_gateway, vaults_mumra_hex,
          ontoclasm_vaults_twist, v_misc_27, nicolae_vaults_theta, v_misc_17,
          nicolae_vaults_gold_heap, vaults_room_pool,
          nicolae_vaults_little_squares_1, layout_vaults_maze_bifur
Vaults:3: vaults_room_pool, nicolae_vaults_sesquioval_fish,
          vaults_standard_mumra_lines, minmay_crypt_entry_skeletal_spiral,
          vaults_dpeg_ring, ontoclasm_vaults_idyll, vaults_mumra_chevron_long,
          ontoclasm_vaults_chip, nicolae_vaults_border_crossing,
          nicolae_vaults_house_2, layout_vaults_quadrants
Vaults:4: v_misc_17, v_pattern_2, nicolae_vaults_theta, ontoclasm_vaults_idyll,
          nicolae_vaults_circle_grid_a, nicolae_vaults_stepped_doors,
          nicolae_vaults_double_plus_3, nicolae_vaults_mitosis,
          nicolae_vaults_double_plus_1, nicolae_vaults_more_shelving_2,
          nicolae_vaults_closet_pinwheel_5, layout_vaults_omnicross
Vaults:5: uniq_xtahua, uniq_saint_roka
Crypt:1:  layout_basic, uniq_boris, uniq_margery, uniq_josephina
Crypt:2:  minmay_guarded_unrand_majin_bo, layout_misc_corridors
Crypt:3:  church_of_pain_bobbens, layout_chaotic_city, basic_altar, door_vault
Depths:1: layout_basic, gammafunk_ghost_cemetery, grunt_hell_horde,
          elyvilon_altar_3, firewood_loft, grunt_megastairs_4, uniq_mara
Depths:2: nzn_winding_woodlands_large [nzn_winding_woodlands_5x5_default,
          nzn_winding_woodlands_5x15_crooked,
          nzn_winding_woodlands_5x5_checkerboard,
          nzn_winding_woodlands_center_garden,
          nzn_winding_woodlands_15x15_thick_spiral,
          nzn_winding_woodlands_center_diamonds,
          nzn_winding_woodlands_5x5_closed_star,
          nzn_winding_woodlands_5x15_pockets, nzn_winding_woodlands_hourglass],
          layout_cave_shapes, minmay_misc_feat_rugged, hangedman_coc_ice_floe,
          pan_entry, minmay_room_of_horrors, minmay_staircase_windowed_small
Depths:3: kennysheep_green_arena, layout_gridlike, serial_co_window_serial,
          co_window_paths_a, co_window_corner_a, co_window_corner_a,
          co_window_corner_a, co_window_paths_b, co_window_paths_a,
          co_window_corner_a, co_window_paths_a, co_window_paths_a,
          co_window_2corner, co_window_of_opportunity_b, co_window_2corner,
          co_window_unsneaky_path_d, co_window_cross_2,
          co_window_unsneaky_path_b, co_window_of_opportunity_c,
          glass_columns_b, glass_columns_b, serial_shops, nicolae_shop_stone,
          abyss_entry, pf_hell_entry_great_geh
Depths:4: grunt_zot_entry_hairpin, layout_gridlike, enter_ziggurat_d,
          hell_entry, abyss_entry_crystal,
          nicolae_dithmenos_through_a_glass_darkly
Zot:1:    lemuel_acid_trip, layout_concentric_octagons, ebering_ghost_gozag
Zot:2:    layout_misc_corridors, st_large_dragon_hoard_1, uniq_tiamat,
          uniq_parghit
Zot:3:    lemuel_halls_of_wrath, layout_gridlike, grunt_megastairs_2
Zot:4:    layout_gridlike, lemuel_elevator
Zot:5:    layout_concentric_octagons

Skill      XL: |  1  2  3  4  5  6  7  8  9 10 11 12 13 14 15 16 17 18 19 20 21 22 23 24 25 26 27 |
---------------+----------------------------------------------------------------------------------+-----
Dodging        | 2 |  2.0
Fighting       | 3 4 5 6 7 10 12 13 14 15 16 17 18 19 20 21 | 21.0
Unarmed Combat | 4 5 6 7 9 12 14 15 16 17 18 19 20 21 22 23 24 25 27 | 27.0
Armour         | 1 4 5 6 8 9 10 12 | 12.0
Earth Magic    | 3 5 6 8 9 10 12 15 | 15.1
Spellcasting   | 2 3 4 6 9 |  9.0
Shields        | 2 5 8 9 10 11 13 14 16 17 18 19 23 | 23.1
Evocations     | 1 3 4 6 7 |  7.0
Transmutations | 2 4 7 12 | 12.0

Action                     |  1- 3 |  4- 6 |  7- 9 | 10-12 | 13-15 | 16-18 | 19-21 | 22-24 | 25-27 || total
---------------------------+-------+-------+-------+-------+-------+-------+-------+-------+-------++-------
  Melee: Unarmed           |   105 |   191 |   209 |   691 |  1156 |  1174 |   571 |  1685 |  2256 ||  8038
         Punch             |     1 |     5 |     3 |    36 |       |       |       |       |       ||    45
         Dagger            |       |       |       |       |    10 |       |       |       |       ||    10
         Scimitar          |       |       |       |       |     4 |    40 |       |       |       ||    44
         Kick              |       |       |       |       |       |   167 |       |       |   252 ||   419
         Headbutt          |       |       |       |       |       |       |       |       |   269 ||   269
         War axe           |       |       |       |       |       |       |       |       |     2 ||     2
  Throw: Throwing net      |       |       |       |     3 |     2 |       |       |       |       ||     5
         Javelin           |       |       |       |     2 |       |       |       |       |       ||     2
   Cast: Statue Form       |       |       |       |       |       |       |       |       |    20 ||    20
Ability: End Transformatio |       |       |       |       |       |       |       |       |     2 ||     2
  Evoke: Wand              |       |       |       |     4 |     9 |     7 |       |       |     7 ||    27
         Condenser vane    |       |       |       |       |     1 |       |       |       |       ||     1
         Phial of floods   |       |       |       |       |     1 |     1 |       |       |       ||     2
         Phantom mirror    |       |       |       |       |       |     2 |       |     1 |     1 ||     4
    Use: Scroll            |       |       |     7 |    16 |    14 |    20 |     1 |    10 |    18 ||    86
         Potion            |       |       |       |     6 |     9 |    12 |     3 |    19 |    15 ||    64
   Stab: Sleeping          |       |     1 |       |       |     1 |       |       |       |     1 ||     3
         Petrified         |       |       |       |     2 |     4 |       |       |       |     4 ||    10
         Petrifying        |       |       |       |     1 |       |       |       |     1 |       ||     2
         Distracted        |       |       |       |     1 |     2 |     2 |       |     1 |       ||     6
         Invisible         |       |       |       |       |    13 |     3 |     1 |     6 |     4 ||    27
         Confused          |       |       |       |       |     1 |       |     3 |     6 |    17 ||    27
         Paralysed         |       |       |       |       |     1 |       |       |     1 |     1 ||     3
 Armour: Robe              |    55 |    98 |    79 |    83 |       |       |       |       |       ||   315
         Acid dragon scale |       |       |       |   136 |   328 |       |       |       |       ||   464
         Storm dragon scal |       |       |       |       |    51 |   370 |    85 |       |       ||   506
         Fire dragon scale |       |       |       |       |       |       |    18 |   367 |   267 ||   652
         Skin              |       |       |       |       |       |       |       |       |    56 ||    56
  Dodge: Dodged            |    65 |   123 |   110 |   427 |   317 |   155 |    64 |   242 |   266 ||  1769
  Block: Tower shield      |       |       |       |    72 |   743 |   902 |   396 |  1363 |  1824 ||  5300
         Reflection        |       |       |       |       |       |       |       |     2 |    61 ||    63
